Workbook

Sheet Matriz
C3: Matriz parque de impresoras del ADN
C4: =NOW() -> 46241.688
A6: item | B6: codigo de inventario | C6: Descripcion del Equipo | D6: Marca | E6: Modelo | F6: conexión | G6: Tipo | H6: Mecanismo de impresión | I6: color de impresión | J6: Localidad | K6: Direccion | L6: Departamento | M6: Nombre de usuario | N6: Piso | O6: Estado | P6: Condicion | Q6: Propietario | R6: Observacion
A7: 275 | B7: ADN0310449 | C7: IMPRESORA, HP LASER JET, P-4015N, COLOR CREMA | D7: HP | E7: P4015N | F7: USB | G7: Impresora | H7: Laser | I7: Blanco y negro | J7: Palacio Municipal | K7: administrativa | L7: Archivo y Correspondencia | M7: Lenny Mariel Torres Lora | N7: 1er | O7: en uso | Q7: ADN | R7: ok
A8: 355 | B8: ADN1496516122 | C8: IMPRESORA ZEBRA MOD. ZD410, GRIS | D8: ZEBRA | E8: ZD410 | F8: USB | G8: Impresora | H8: Termica | I8: Blanco y negro | J8: Palacio Municipal | K8: administrativa | L8: Archivo y Correspondencia | M8: Lenny Mariel Torres Lora | N8: 1er | O8: en uso | Q8: ADN | R8: ok
A9: 3 | B9: ADN141166567 | C9: IMPRESORA LASER, MARCA HP, MOD. P1005, | D9: HP | E9: P1005 | G9: Impresora | I9: Blanco y negro | J9: Palacio Municipal | K9: Dirección de Recaudación | M9: YOLANDA BERTILIA DE LA ROSA FERNANDEZ | N9: 1er | O9: Perdida | Q9: ADN | R9: no encontrada
A10: 4 | B10: ADN149466 | C10: IMPRESORA LASER, A COLOR, EPSON, STUDIO T22, NEGRO | D10: EPSON | E10: STUDIO T22 | G10: Impresora | I10: Blanco y negro | J10: Palacio Municipal | K10: Control de Bienes | M10: Josefa Guerrero | N10: 1er | O10: Descargada | P10: Desacargada | Q10: ADN | R10: estan descargadas a control de bienes
A11: 311 | B11: ADN14117375 | C11: IMPRESORA DE INYECCION, HP,MODELO 6940 GRIS, NEGRO | D11: HP | E11: 6940 | F11: USB | G11: Impresora | H11: TINTA | I11: a color | J11: Palacio Municipal | K11: administrativa | M11: Oscar Torres | N11: 5to | O11: en uso | Q11: ADN | R11: ok
A12: 6 | B12: ADN031074277 | C12: IMPRESORA MULTIFUNCION, LEXMARK, MODELO X-83, COLOR CREMA | D12: LEXMARK | E12: X-83 | G12: Impresora | I12: Blanco y negro | J12: Palacio Municipal | K12: Control de Bienes | M12: Josefa Guerrero | N12: 1er | O12: Descargada | P12: Desacargada | Q12: ADN | R12: estan descargadas a control de bienes
A13: 7 | B13: ADN0311585 | C13: IMPRESORA,MARCA ZEBRA,PARA CODIGO DE BARRA | D13: ZEBRA | E13: ZD410 | G13: Impresora | I13: Blanco y negro | J13: Palacio Municipal | K13: Control de Bienes | M13: Josefa Guerrero | N13: 1er | O13: Descargada | P13: Desacargada | Q13: ADN | R13: estan descargadas a control de bienes
A14: 8 | B14: ADN0311586 | C14: IMPRESORA,MARCA ZEBRA,PARA CODIGO DE BARRA | D14: ZEBRA | E14: ZD410 | G14: Impresora | I14: Blanco y negro | J14: Palacio Municipal | K14: Control de Bienes | M14: Josefa Guerrero | N14: 1er | O14: Descargada | P14: Desacargada | Q14: ADN | R14: estan descargadas a control de bienes
A15: 9 | B15: ADN0311587 | C15: IMPRESORA,MARCA ZEBRA,PARA CODIGO DE BARRA | D15: ZEBRA | E15: ZD410 | G15: Impresora | I15: Blanco y negro | J15: Palacio Municipal | K15: Control de Bienes | M15: Josefa Guerrero | N15: 1er | O15: Descargada | P15: Desacargada | Q15: ADN | R15: estan descargadas a control de bienes
A16: 10 | B16: ADN03116848 | C16: IMPRESORA MULTIFUNCIONAL HP, DESTJET 1515 AIO.BLANCA | D16: HP | E16: 1515 AIO | G16: Impresora | I16: a color | J16: Palacio Municipal | K16: Control de Bienes | M16: Josefa Guerrero | N16: 1er | O16: Descargada | P16: Desacargada | Q16: ADN | R16: estan descargadas a control de bienes
A17: 11 | B17: ADN031172501 | C17: IMPRESORA DE INYECCION, HP, MODELO 920C, COLOR CREMA | D17: HP | E17: 920C | G17: Impresora | I17: Blanco y negro | J17: Palacio Municipal | K17: Control de Bienes | M17: Josefa Guerrero | N17: 1er | O17: Descargada | P17: Desacargada | Q17: ADN | R17: estan descargadas a control de bienes
A18: 12 | B18: ADN0312865 | C18: IMPRESORA HP MOD-1000, COLOR CREMA | D18: HP | E18: 1000 | G18: Impresora | I18: Blanco y negro | J18: Palacio Municipal | K18: Control de Bienes | M18: Josefa Guerrero | N18: 1er | O18: Descargada | P18: Desacargada | Q18: ADN | R18: estan descargadas a control de bienes
A19: 13 | B19: ADN032609081 | C19: IMPRESORA MULTIFUNCION, HP, MOD. CM-232NF, COLOR BLANCO | D19: HP | E19: CM232NF | G19: Impresora | I19: Blanco y negro | J19: Palacio Municipal | K19: Control de Bienes | M19: Josefa Guerrero | N19: 1er | O19: Descargada | P19: Desacargada | Q19: ADN | R19: estan descargadas a control de bienes
A20: 14 | B20: ADN039983 | C20: IMPRESORA,MULTIFUNCIONAL,MARCA LEXMARK,MOD GENESIS S815 | D20: LEXMARK | E20: GENESIS S815 | G20: Impresora | I20: Blanco y negro | J20: Palacio Municipal | K20: Control de Bienes | M20: Josefa Guerrero | N20: 1er | O20: Descargada | P20: Desacargada | Q20: ADN | R20: estan descargadas a control de bienes
A21: 15 | B21: ADN1410741 | C21: IMPRESORA HP,MOD-LASER JETS P1005, GRIS | D21: HP | E21: P1005 | G21: Impresora | I21: Blanco y negro | J21: Palacio Municipal | K21: Control de Bienes | M21: Josefa Guerrero | N21: 1er | O21: Descargada | P21: Desacargada | Q21: ADN | R21: estan descargadas a control de bienes
A22: 16 | B22: ADN1410788 | C22: IMPRESORA,MARCA HP,MOD OFICCE JET,COLOR NEGRO | D22: HP | E22: NO DEFINIDO | G22: Impresora | I22: Blanco y negro | J22: Palacio Municipal | K22: Control de Bienes | M22: Josefa Guerrero | N22: 1er | O22: Descargada | P22: Desacargada | Q22: ADN | R22: estan descargadas a control de bienes
A23: 17 | B23: ADN1410976 | C23: IMPRESORA,MARCA CANNON,MOD LBP3200,BLANCO | D23: CANON | E23: LBP3200 | G23: Impresora | I23: Blanco y negro | J23: Palacio Municipal | K23: Control de Bienes | M23: Josefa Guerrero | N23: 1er | O23: Descargada | P23: Desacargada | Q23: ADN | R23: estan descargadas a control de bienes
A24: 18 | B24: ADN1410978 | C24: IMPRESORA,MARCA LEXMARK,MOD E120,COLOR NEGRO | D24: LEXMARK | E24: E-120 | G24: Impresora | I24: Blanco y negro | J24: Palacio Municipal | K24: Control de Bienes | M24: Josefa Guerrero | N24: 1er | O24: Descargada | P24: Desacargada | Q24: ADN | R24: estan descargadas a control de bienes
A25: 19 | B25: ADN1411047 | C25: IMPRESORA DESK JET,MARCA HP,MOD D3747 | D25: HP | E25: D3747 | G25: Impresora | I25: Blanco y negro | J25: Palacio Municipal | K25: Control de Bienes | M25: Josefa Guerrero | N25: 1er | O25: Descargada | P25: Desacargada | Q25: ADN | R25: estan descargadas a control de bienes
A26: 20 | B26: ADN1411048 | C26: IMPRESORA DESK JET,MOD D1560,MARCA HP | D26: HP | E26: D1560 | G26: Impresora | I26: Blanco y negro | J26: Palacio Municipal | K26: Control de Bienes | M26: Josefa Guerrero | N26: 1er | O26: Descargada | P26: Desacargada | Q26: ADN | R26: estan descargadas a control de bienes
A27: 21 | B27: ADN1411061 | C27: IMPRESORA,MARCA HP,MOD P1005,COLOR CREMA | D27: HP | E27: P1005 | G27: Impresora | I27: Blanco y negro | J27: Externo | K27: Cementerio Cristo Rey | M27: JOSE POLANCO | O27: Por Verificar | Q27: ADN | R27: No encontrada
A28: 22 | B28: ADN141161028 | C28: IMPRESORA LASER, HP, MODELO 1320, CREMA | D28: HP | E28: 1320 | G28: Impresora | I28: Blanco y negro | J28: Palacio Municipal | K28: Control de Bienes | M28: Josefa Guerrero | N28: 1er | O28: Descargada | P28: Desacargada | Q28: ADN | R28: estan descargadas a control de bienes
A29: 23 | B29: ADN141161351 | C29: IMPRESORA LASER, HP, MODELO 1015, GRIS | D29: HP | E29: 1015 | G29: Impresora | I29: Blanco y negro | J29: Palacio Municipal | K29: Control de Bienes | M29: Josefa Guerrero | N29: 1er | O29: Descargada | P29: Desacargada | Q29: ADN | R29: estan descargadas a control de bienes
A30: 479 | B30: N/A | C30: Ricoh MP501 | D30: Ricoh | E30: MP501 | F30: RED | G30: Impresora | H30: Laser | I30: Blanco y negro | J30: Palacio Municipal | K30: administrativa | L30: Almacen y suministro | M30: Francisco Faña | N30: 1er | O30: en uso | Q30: CSI | R30: alquilada
A31: 25 | B31: ADN141161458 | C31: IMPRESORA LASER, HP, MODELO 1015, COLOR GRIS | D31: HP | E31: 1015 | G31: Impresora | I31: Blanco y negro | J31: Palacio Municipal | K31: Control de Bienes | M31: Josefa Guerrero | N31: 1er | O31: Descargada | P31: Desacargada | Q31: ADN | R31: estan descargadas a control de bienes
A32: 26 | B32: ADN141161505 | C32: IMPRESORA LASER, MARCA LEXMARK, GRIS | D32: LEXMARK | E32: NO DEFINIDO | G32: Impresora | I32: Blanco y negro | J32: Palacio Municipal | K32: Control de Bienes | M32: Josefa Guerrero | N32: 1er | O32: Descargada | P32: Desacargada | Q32: ADN | R32: estan descargadas a control de bienes
A33: 27 | B33: ADN141161517 | C33: IMPRESORA HP, MOD. 1660, NEGRO | D33: HP | E33: 1660 | G33: Impresora | I33: Blanco y negro | J33: Palacio Municipal | K33: Control de Bienes | M33: Josefa Guerrero | N33: 1er | O33: Descargada | P33: Desacargada | Q33: ADN | R33: estan descargadas a control de bienes
A34: 28 | B34: ADN141161591 | C34: IMPRESORA LASER, LEXMARK, MODELO E230, NEGRO | D34: LEXMARK | E34: E230 | G34: Impresora | I34: Blanco y negro | J34: Palacio Municipal | K34: Control de Bienes | M34: Josefa Guerrero | N34: 1er | O34: Descargada | P34: Desacargada | Q34: ADN | R34: estan descargadas a control de bienes
A35: 29 | B35: ADN141161603 | C35: IMPRESORA LASER, LEXMARK, MODELO E340, NEGRO | D35: LEXMARK | E35: E-340 | G35: Impresora | I35: Blanco y negro | J35: Palacio Municipal | K35: Control de Bienes | M35: Josefa Guerrero | N35: 1er | O35: Descargada | P35: Desacargada | Q35: ADN | R35: estan descargadas a control de bienes
A36: 480 | B36: N/A | C36: Ricoh MP2554 | D36: Ricoh | E36: MP2554 | F36: RED | G36: Impresora | H36: Laser | I36: Blanco y negro | J36: Palacio Municipal | K36: administrativa | M36: Francisco Faña | N36: 1er | O36: en uso | Q36: CSI | R36: alquilada
A37: 31 | B37: ADN1411616242 | C37: IMPRESORA HP LASERJET P1102W COL.NEGRO | D37: HP | E37: LASERJET P1102W | G37: Impresora | I37: Blanco y negro | J37: Externo | K37: Dirección de Defensoría y Uso de Espacios Públicos | M37: ADRIAN RAFAEL JIMENEZ GARRIDO | O37: Por Verificar | Q37: ADN | R37: No encontrada
A38: 32 | B38: ADN141161680 | C38: IMPRESORA LASER, HP, MODELO 1100, CREMA | D38: HP | E38: 1100 | G38: Impresora | I38: Blanco y negro | J38: Palacio Municipal | K38: Control de Bienes | M38: Josefa Guerrero | N38: 1er | O38: Descargada | P38: Desacargada | Q38: ADN | R38: estan descargadas a control de bienes
A39: 33 | B39: ADN141161791 | C39: IMPRESORA LASER, HP, MODELO 1020, COLOR GRIS | D39: HP | E39: 1020 | G39: Impresora | I39: Blanco y negro | J39: Palacio Municipal | K39: Dirección Jurídica | M39: RICARDO AYANES PEREZ NUÑEZ | O39: Perdida | Q39: ADN | R39: no encontrada
A40: 34 | B40: ADN1411617985 | C40: IMPRESORA LASER JET PRO MFP M 227 BLANCO | D40: HP | E40: M227FDW | G40: Impresora | I40: Blanco y negro | J40: Palacio Municipal | K40: Dirección de Servicio Social | M40: DIGNA REYNOSO | O40: Perdida | Q40: ADN | R40: no encontrada
A41: 35 | B41: ADN1411617986 | C41: IMPRESORA LASER JET PRO M227 BLANCO | D41: HP | E41: M227FDW | G41: Impresora | I41: Blanco y negro | J41: Palacio Municipal | K41: Dirección de Servicio Social | M41: DIGNA REYNOSO | O41: Perdida | Q41: ADN | R41: no encontrada
A42: 36 | B42: ADN1411617987 | C42: IMPRESORA LASER JET PRO M227 BLANCO | D42: HP | E42: M227FDW | G42: Impresora | I42: Blanco y negro | J42: Palacio Municipal | K42: Dirección de Servicio Social | M42: DIGNA REYNOSO | O42: Perdida | Q42: ADN | R42: no encontrada
A43: 37 | B43: ADN1411617989 | C43: IMPRESORA LASER JET PRO M227 BLANCO | D43: HP | E43: M227FDW | G43: Impresora | I43: Blanco y negro | J43: Palacio Municipal | K43: Dirección de Servicio Social | M43: DIGNA REYNOSO | O43: Perdida | Q43: ADN | R43: no encontrada
A44: 38 | B44: ADN1411618066 | C44: IMPRESORA HP. ACOLOR LARJET M180W BLANC. | D44: HP | E44: 180NW | G44: Impresora | I44: Blanco y negro | J44: Palacio Municipal | K44: Aseo urbano y equipos | M44: Gaspar Polanco | N44: 1er | O44: Perdida | Q44: ADN | R44: no encontrada
A45: 39 | B45: ADN1411618068 | C45: IMPRESORA HP LASERJET BLANA A COLOR 180NW | D45: HP | E45: LASERJET 180NW | G45: Impresora | I45: Blanco y negro | J45: Palacio Municipal | K45: Aseo urbano y equipos | M45: Gaspar Polanco | N45: 1er | O45: Perdida | Q45: ADN | R45: no encontrada
A46: 40 | B46: ADN1411618072 | C46: IMPRESORA LASER JET MFP227FDW BLANCA | D46: HP | E46: M227FDW | G46: Impresora | I46: Blanco y negro | J46: Palacio Municipal | K46: Dirección de Recaudación | M46: YOLANDA BERTILIA DE LA ROSA FERNANDEZ | O46: Perdida | Q46: ADN | R46: no encontrada
A47: 41 | B47: ADN1411618074 | C47: IMPRESORA HP LASER JET BLANCA | D47: HP | E47: NO DEFINIDO | G47: Impresora | I47: Blanco y negro | J47: Palacio Municipal | K47: Dirección de Mantenimiento y Obras Comunitarias | M47: Johan Alexander Santiago Suazo | O47: Perdida | Q47: ADN | R47: no encontrada
A48: 42 | B48: ADN141161836 | C48: IMPRESORA, HP, MODELO 1020, CREMA | D48: HP | E48: 1020 | G48: Impresora | I48: Blanco y negro | J48: Palacio Municipal | K48: Dirección Jurídica | M48: RICARDO AYANES PEREZ NUÑEZ | O48: Perdida | Q48: ADN | R48: no encontrada
A49: 43 | B49: ADN141161896 | C49: IMPRESORA LASER, HP, MODELO 1020, CREMA | D49: HP | E49: 1020 | G49: Impresora | I49: Blanco y negro | J49: Palacio Municipal | K49: Control de Bienes | M49: Josefa Guerrero | N49: 1er | O49: Descargada | P49: Desacargada | Q49: ADN | R49: estan descargadas a control de bienes
A50: 44 | B50: ADN141162031 | C50: IMPRESORA LASER, LEXMARK, MODELO E340, COLOR NEGRO | D50: LEXMARK | E50: E-340 | G50: Impresora | I50: Blanco y negro | J50: Palacio Municipal | K50: Control de Bienes | M50: Josefa Guerrero | N50: 1er | O50: Descargada | P50: Desacargada | Q50: ADN | R50: estan descargadas a control de bienes
A51: 45 | B51: ADN141162060 | C51: IMPRESORA LASER, LEXMARK, NEGRO, MODELO E340 | D51: LEXMARK | E51: E-340 | G51: Impresora | I51: Blanco y negro | J51: Palacio Municipal | K51: Control de Bienes | M51: Josefa Guerrero | N51: 1er | O51: Descargada | P51: Desacargada | Q51: ADN | R51: estan descargadas a control de bienes
A52: 46 | B52: ADN141162061 | C52: IMPRESORA LASER, HP, MOD. 1020, COLOR CREMA | D52: HP | E52: 1020 | G52: Impresora | I52: Blanco y negro | J52: Palacio Municipal | K52: Control de Bienes | M52: Josefa Guerrero | N52: 1er | O52: Descargada | P52: Desacargada | Q52: ADN | R52: estan descargadas a control de bienes
A53: 47 | B53: ADN141162090 | C53: IMPRESORA LASER, LEXMARK, NEGRO, MODELO E340 | D53: LEXMARK | E53: E-340 | G53: Impresora | I53: Blanco y negro | J53: Palacio Municipal | K53: Control de Bienes | M53: Josefa Guerrero | N53: 1er | O53: Descargada | P53: Desacargada | Q53: ADN | R53: estan descargadas a control de bienes
A54: 48 | B54: ADN141162153 | C54: IMPRESORA, MARCA HP, MODELO 1020, COLOR CREMA | D54: HP | E54: 1020 | G54: Impresora | I54: Blanco y negro | J54: Palacio Municipal | K54: Control de Bienes | M54: Josefa Guerrero | N54: 1er | O54: Descargada | P54: Desacargada | Q54: ADN | R54: estan descargadas a control de bienes
A55: 49 | B55: ADN141162227 | C55: IMPRESORA LASER, HP MOD. 5610, OFICCE JET ALL-IN-ONE CREMA | D55: HP | E55: 5610 | G55: Impresora | I55: Blanco y negro | J55: Palacio Municipal | K55: Control de Bienes | M55: Josefa Guerrero | N55: 1er | O55: Descargada | P55: Desacargada | Q55: ADN | R55: estan descargadas a control de bienes
A56: 50 | B56: ADN141162299 | C56: IMPRESORA LASER, HP, MODELO 9800, COLOR NEGRO | D56: HP | E56: 9800 | G56: Impresora | I56: Blanco y negro | J56: Palacio Municipal | K56: Control de Bienes | M56: Josefa Guerrero | N56: 1er | O56: Descargada | P56: Desacargada | Q56: ADN | R56: estan descargadas a control de bienes
A57: 51 | B57: ADN141162396 | C57: IMPRESORA LASER, HP, MODELO PRO400M401N, COLOR CREMA | D57: HP | E57: PRO400M | G57: Impresora | I57: Blanco y negro | J57: Palacio Municipal | K57: Control de Bienes | M57: Josefa Guerrero | N57: 1er | O57: Descargada | P57: Desacargada | Q57: ADN | R57: estan descargadas a control de bienes
A58: 52 | B58: ADN141162756 | C58: IMPRESORA LASER, HP 6940, COLOR GRIS | D58: HP | E58: 6940 | G58: Impresora | I58: Blanco y negro | J58: Palacio Municipal | K58: Dirección de Planificación y Desarrollo Institucional | M58: MERLY MARGARITA GRACIANO CABRAL | O58: Perdida | Q58: ADN | R58: no encontrada
A59: 481 | B59: N/A | C59: Ricoh MP2554 | D59: Ricoh | E59: MP2554 | F59: RED | G59: Impresora | H59: Laser | I59: Blanco y negro | J59: Palacio Municipal | K59: administrativa | L59: Compras | M59: Francisco Faña | N59: 1er | O59: en uso | Q59: CSI | R59: alquilada
A60: 54 | B60: ADN141162800 | C60: IMPRESORA LASER, LEXMARK, NEGRO, MODELO E240 | D60: LEXMARK | E60: E240 | G60: Impresora | I60: Blanco y negro | J60: Palacio Municipal | K60: Control de Bienes | M60: Josefa Guerrero | N60: 1er | O60: Descargada | P60: Desacargada | Q60: ADN | R60: estan descargadas a control de bienes
A61: 55 | B61: ADN141162920 | C61: IMPRESORA LASER, HP, MODELO 1160, COLOR CREMA | D61: HP | E61: 1160 | G61: Impresora | I61: Blanco y negro | J61: Palacio Municipal | K61: Control de Bienes | M61: Josefa Guerrero | N61: 1er | O61: Descargada | P61: Desacargada | Q61: ADN | R61: estan descargadas a control de bienes
A62: 56 | B62: ADN141163148 | C62: IMPRESORA LASER,HP, MODELO 1160, COLOR CREMA | D62: HP | E62: 1160 | G62: Impresora | I62: Blanco y negro | J62: Palacio Municipal | K62: Control de Bienes | M62: Josefa Guerrero | N62: 1er | O62: Descargada | P62: Desacargada | Q62: ADN | R62: estan descargadas a control de bienes
A63: 57 | B63: ADN141163172 | C63: IMPRESORA LASER, HP, MODELO 1150, CREMA | D63: HP | E63: 1150 | G63: Impresora | I63: Blanco y negro | J63: Palacio Municipal | K63: Control de Bienes | M63: Josefa Guerrero | N63: 1er | O63: Descargada | P63: Desacargada | Q63: ADN | R63: estan descargadas a control de bienes
A64: 58 | B64: ADN141163232 | C64: IMPRESORA LASER, HP, MODELO 2420, COLOR CREMA | D64: HP | E64: 2420 | G64: Impresora | I64: Blanco y negro | J64: Palacio Municipal | K64: Control de Bienes | M64: Josefa Guerrero | N64: 1er | O64: Descargada | P64: Desacargada | Q64: ADN | R64: estan descargadas a control de bienes
A65: 59 | B65: ADN141163244 | C65: IMPRESORA LASER, HP, MODELO 4050, CREMA | D65: HP | E65: 4050 | G65: Impresora | I65: Blanco y negro | J65: Palacio Municipal | K65: Control de Bienes | M65: Josefa Guerrero | N65: 1er | O65: Descargada | P65: Desacargada | Q65: ADN | R65: estan descargadas a control de bienes
A66: 60 | B66: ADN14116362 | C66: IMPRESORA LASER, MODELO 1160, COLOR CREMA | D66: HP | E66: 1160 | G66: Impresora | I66: Blanco y negro | J66: Palacio Municipal | K66: Control de Bienes | M66: Josefa Guerrero | N66: 1er | O66: Descargada | P66: Desacargada | Q66: ADN | R66: estan descargadas a control de bienes
A67: 61 | B67: ADN141163785 | C67: IMPRESORA LASER, MARCA HP, MODELO 2015P, GRIS | D67: HP | E67: P2015 | G67: Impresora | I67: Blanco y negro | J67: Palacio Municipal | K67: Control de Bienes | M67: Josefa Guerrero | N67: 1er | O67: Descargada | P67: Desacargada | Q67: ADN | R67: estan descargadas a control de bienes
A68: 62 | B68: ADN141163996 | C68: IMPRESORA LASER, MARCA HP, MODELO 1020, COLOR CREMA | D68: HP | E68: 1020 | F68: USB | G68: Impresora | H68: Laser | I68: Blanco y negro | J68: Palacio Municipal | K68: Aseo urbano y equipos | M68: Lissette rosa | N68: 1er | O68: en uso | Q68: ADN | R68: ok
A69: 63 | B69: ADN141164054 | C69: IMPRESORA MULTIFUNCIONAL HP, DESTJET 1515 AIO.BLANCA | D69: HP | E69: 1515 AIO | G69: Impresora | I69: a color | J69: Palacio Municipal | K69: Dirección de Desarrollo Comunitario | M69: Claudia Sarante | O69: Perdida | Q69: ADN | R69: no encontrada
A70: 64 | B70: ADN141164447 | C70: IMPRESORA LASER JET, HP, MODELO 1020, COLOR CREMA | D70: HP | E70: 1020 | G70: Impresora | I70: Blanco y negro | J70: Palacio Municipal | K70: Control de Bienes | M70: Josefa Guerrero | N70: 1er | O70: Descargada | P70: Desacargada | Q70: ADN | R70: estan descargadas a control de bienes
A71: 65 | B71: ADN141164718 | C71: IMPRESORA LASER, HP, MOD. 1160, COLOR CREMA | D71: HP | E71: 1160 | G71: Impresora | I71: Blanco y negro | J71: Palacio Municipal | K71: Dirección de Desarrollo Comunitario | M71: Claudia Sarante | O71: Perdida | Q71: ADN | R71: no encontrada
A72: 66 | B72: ADN141164814 | C72: IMPRESORA LASER JET, MARCA HP, MODELO 1160, CREMA | D72: HP | E72: 1160 | G72: Impresora | I72: Blanco y negro | J72: Palacio Municipal | K72: Control de Bienes | M72: Josefa Guerrero | N72: 1er | O72: Descargada | P72: Desacargada | Q72: ADN | R72: estan descargadas a control de bienes
A73: 67 | B73: ADN141164823 | C73: IMPRESORA LASER, HP, MOD. 1300, CREMA | D73: HP | E73: 1300 | G73: Impresora | I73: Blanco y negro | J73: Palacio Municipal | K73: Control de Bienes | M73: Josefa Guerrero | N73: 1er | O73: Descargada | P73: Desacargada | Q73: ADN | R73: estan descargadas a control de bienes
A74: 68 | B74: ADN141165414 | C74: IMPRESORA LASER, HP 1020, COLOR GRIS, MODELO ITE-5320 | D74: HP | E74: 1020 | G74: Impresora | I74: Blanco y negro | J74: Palacio Municipal | K74: Control de Bienes | M74: Josefa Guerrero | N74: 1er | O74: Descargada | P74: Desacargada | Q74: ADN | R74: estan descargadas a control de bienes
A75: 69 | B75: ADN141165420 | C75: IMPRESORA LASER, LEXMARK, MODELO E340, COLOR NEGRO | D75: LEXMARK | E75: E-340 | G75: Impresora | I75: Blanco y negro | J75: Externo | K75: Funeraria de los Girasoles | M75: HARON FABIAN MERCEDES | O75: Por Verificar | Q75: ADN | R75: No encontrada
A76: 70 | B76: ADN141165545 | C76: IMPRESORA LASER JET, MARCA HP, MODELO 1020, COLOR BLANCO/NEGRO | D76: HP | E76: 1020 | G76: Impresora | I76: Blanco y negro | J76: Externo | K76: Funeraria de Cristo Rey | M76: JOSE DOMINGO TORRES DURAN | O76: Por Verificar | Q76: ADN | R76: No encontrada
A77: 71 | B77: ADN141165647 | C77: IMPRESORA LASER, MARCA LEXMARK, MODELO E-340, COLOR NEGRO | D77: LEXMARK | E77: E-340 | G77: Impresora | I77: Blanco y negro | J77: Palacio Municipal | K77: Control de Bienes | M77: Josefa Guerrero | N77: 1er | O77: Descargada | P77: Desacargada | Q77: ADN | R77: estan descargadas a control de bienes
A78: 72 | B78: ADN141165699 | C78: IMPRESORA LASER, LEXMARK, MOD. E340, NEGRO | D78: LEXMARK | E78: E-340 | G78: Impresora | I78: Blanco y negro | J78: Palacio Municipal | K78: Control de Bienes | M78: Josefa Guerrero | N78: 1er | O78: Descargada | P78: Desacargada | Q78: ADN | R78: estan descargadas a control de bienes
A79: 73 | B79: ADN141165869 | C79: IMPRESORA LASER, LEXMARK, MOD. E340, NEGRO | D79: LEXMARK | E79: E-340 | G79: Impresora | I79: Blanco y negro | J79: Palacio Municipal | K79: Control de Bienes | M79: Josefa Guerrero | N79: 1er | O79: Descargada | P79: Desacargada | Q79: ADN | R79: estan descargadas a control de bienes
A80: 74 | B80: ADN141165890 | C80: IMPRESORA MULTIFUNCIONAL HP, DESTJET 1515 AIO.BLANCA | D80: HP | E80: 1515 AIO | G80: Impresora | I80: a color | J80: Palacio Municipal | K80: Control de Bienes | M80: Josefa Guerrero | N80: 1er | O80: Descargada | P80: Desacargada | Q80: ADN | R80: estan descargadas a control de bienes
A81: 75 | B81: ADN141165911 | C81: IMPRESORA LASER, HP, MODELO 1020, GRIS | D81: HP | E81: 1020 | G81: Impresora | I81: Blanco y negro | J81: Palacio Municipal | K81: Control de Bienes | M81: Josefa Guerrero | N81: 1er | O81: Descargada | P81: Desacargada | Q81: ADN | R81: estan descargadas a control de bienes
A82: 76 | B82: ADN141166001 | C82: IMPRESORA LASER, HP, MODELO 1020, GRIS | D82: HP | E82: 1020 | G82: Impresora | I82: Blanco y negro | J82: Palacio Municipal | K82: Control de Bienes | M82: Josefa Guerrero | N82: 1er | O82: Descargada | P82: Desacargada | Q82: ADN | R82: estan descargadas a control de bienes
A83: 77 | B83: ADN141166042 | C83: IMPRESORA LASER, HP, MODELO 1020, CREMA | D83: HP | E83: 1020 | G83: Impresora | I83: Blanco y negro | J83: Palacio Municipal | K83: Control de Bienes | M83: Josefa Guerrero | N83: 1er | O83: Descargada | P83: Desacargada | Q83: ADN | R83: estan descargadas a control de bienes
A84: 78 | B84: ADN141166105 | C84: IMPRESORA LASER,HP, MOD 1020, COLOR GRIS | D84: HP | E84: 1020 | G84: Impresora | I84: Blanco y negro | J84: Palacio Municipal | K84: Control de Bienes | M84: Josefa Guerrero | N84: 1er | O84: Descargada | P84: Desacargada | Q84: ADN | R84: estan descargadas a control de bienes
A85: 79 | B85: ADN141166164 | C85: IMPRESORA LASER , HP, MOD 359257A, COLOR CREMA | D85: HP | E85: 359257A | G85: Impresora | I85: Blanco y negro | J85: Palacio Municipal | K85: Control de Bienes | M85: Josefa Guerrero | N85: 1er | O85: Descargada | P85: Desacargada | Q85: ADN | R85: estan descargadas a control de bienes
A86: 80 | B86: ADN141166395 | C86: IMPRESORA, LASER, LEXMARK, MOD. E-120, CREMA | D86: LEXMARK | E86: E-120 | G86: Impresora | I86: Blanco y negro | J86: Palacio Municipal | K86: Control de Bienes | M86: Josefa Guerrero | N86: 1er | O86: Descargada | P86: Desacargada | Q86: ADN | R86: estan descargadas a control de bienes
A87: 81 | B87: ADN141166708 | C87: IMPRESORA LASER, LEXMARK, MOD. E120, NEGRA | D87: LEXMARK | E87: E-120 | G87: Impresora | I87: Blanco y negro | J87: Palacio Municipal | K87: Control de Bienes | M87: Josefa Guerrero | N87: 1er | O87: Descargada | P87: Desacargada | Q87: ADN | R87: estan descargadas a control de bienes
A88: 82 | B88: ADN141167228 | C88: IMPRESORA, LASER JET, HP, MOD. 1320TN, CREMA | D88: HP | E88: 1320 | G88: Impresora | I88: Blanco y negro | J88: Palacio Municipal | K88: Control de Bienes | M88: Josefa Guerrero | N88: 1er | O88: Descargada | P88: Desacargada | Q88: ADN | R88: estan descargadas a control de bienes
A89: 83 | B89: ADN141167525 | C89: IMPRESORA LASER, MARCA HP, MOD. 1015,CREMA Y GRIS | D89: HP | E89: 1015 | G89: Impresora | I89: Blanco y negro | J89: Palacio Municipal | K89: Control de Bienes | M89: Josefa Guerrero | N89: 1er | O89: Descargada | P89: Desacargada | Q89: ADN | R89: estan descargadas a control de bienes
A90: 84 | B90: ADN141167731 | C90: IMPRESORA MULTIFUNCIONAL HP, DESTJET 1515 AIO.BLANCA | D90: HP | E90: 1515 AIO | G90: Impresora | I90: a color | J90: Palacio Municipal | K90: Control de Bienes | M90: Josefa Guerrero | N90: 1er | O90: Descargada | P90: Desacargada | Q90: ADN | R90: estan descargadas a control de bienes
A91: 85 | B91: ADN141167749 | C91: IMPRESORA LASER, MOD. 1160, COLOR CREMA | D91: HP | E91: 1160 | G91: Impresora | I91: Blanco y negro | J91: Palacio Municipal | K91: Control de Bienes | M91: Josefa Guerrero | N91: 1er | O91: Descargada | P91: Desacargada | Q91: ADN | R91: estan descargadas a control de bienes
A92: 251 | B92: ADN1496516203 | C92: IMPRESORA HP MOD.M277DW COL.BLANCO | D92: HP | E92: M277DW | F92: RED | G92: Impresora | H92: Laser | I92: Blanco y negro | J92: Palacio Municipal | K92: Aseo urbano y equipos | M92: Gaspar Polanco | N92: 1er | O92: en uso | Q92: ADN | R92: ok
A93: 87 | B93: ADN141167848 | C93: IMPRESORA LASER, HP, MOD. P1005, COLOR GRIS | D93: HP | E93: P1005 | G93: Impresora | I93: Blanco y negro | J93: Palacio Municipal | K93: Control de Bienes | M93: Josefa Guerrero | N93: 1er | O93: Descargada | P93: Desacargada | Q93: ADN | R93: estan descargadas a control de bienes
A94: 88 | B94: ADN141167862 | C94: IMPRESORA LASER, MARCA HP, MOD. 1160, CREMA | D94: HP | E94: 1160 | G94: Impresora | I94: Blanco y negro | J94: Palacio Municipal | K94: Control de Bienes | M94: Josefa Guerrero | N94: 1er | O94: Descargada | P94: Desacargada | Q94: ADN | R94: estan descargadas a control de bienes
A95: 89 | B95: ADN141167965 | C95: IMPRESORA LASER, MARCA HP, MOD.1020, GRIS | D95: HP | E95: 1020 | G95: Impresora | I95: Blanco y negro | J95: Palacio Municipal | K95: Control de Bienes | M95: Josefa Guerrero | N95: 1er | O95: Descargada | P95: Desacargada | Q95: ADN | R95: estan descargadas a control de bienes
A96: 90 | B96: ADN141167966 | C96: IMPRESORA LASER, LEXMARK, MOD. E-120, CREMA | D96: LEXMARK | E96: E-120 | G96: Impresora | I96: Blanco y negro | J96: Palacio Municipal | K96: Control de Bienes | M96: Josefa Guerrero | N96: 1er | O96: Descargada | P96: Desacargada | Q96: ADN | R96: estan descargadas a control de bienes
A97: 91 | B97: ADN141167973 | C97: IMPRESORA LASER, MARCA HP, MOD. P1005, GRIS | D97: HP | E97: P1005 | G97: Impresora | I97: Blanco y negro | J97: Palacio Municipal | K97: Control de Bienes | M97: Josefa Guerrero | N97: 1er | O97: Descargada | P97: Desacargada | Q97: ADN | R97: estan descargadas a control de bienes
A98: 92 | B98: ADN141167977 | C98: IMPRESORA LASER, MARCA HP, MOD. P1005, GRIS | D98: HP | E98: P1005 | G98: Impresora | I98: Blanco y negro | J98: Palacio Municipal | K98: Dirección de Recaudación | M98: YOLANDA BERTILIA DE LA ROSA FERNANDEZ | O98: Perdida | Q98: ADN | R98: no encontrada
A99: 93 | B99: ADN141167982 | C99: IMPRESORA LASER, MARCA LEXMARK, E120, NEGRO | D99: LEXMARK | E99: E-120 | G99: Impresora | I99: Blanco y negro | J99: Palacio Municipal | K99: Control de Bienes | M99: Josefa Guerrero | N99: 1er | O99: Descargada | P99: Desacargada | Q99: ADN | R99: estan descargadas a control de bienes
A100: 94 | B100: ADN141168066 | C100: IMPRESORA LASER, LEXMARK, E120, COLOR GRIS | D100: LEXMARK | E100: E-120 | G100: Impresora | I100: Blanco y negro | J100: Palacio Municipal | K100: Control de Bienes | M100: Josefa Guerrero | N100: 1er | O100: Descargada | P100: Desacargada | Q100: ADN | R100: estan descargadas a control de bienes
A101: 259 | B101: ADN149690 | C101: IMPRESORA LASER, HP, MOD. P2015N, COLOR GRIS | D101: HP | E101: P2015 | F101: USB | G101: Impresora | H101: Laser | I101: Blanco y negro | J101: Palacio Municipal | K101: Aseo urbano y equipos | M101: Jessica villamar | N101: 1er | O101: en uso | Q101: ADN | R101: ok
A102: 96 | B102: ADN141168071 | C102: IMPRESORA LASER, MARCA HP, MOD. P2015, CREMA | D102: HP | E102: P2015 | G102: Impresora | I102: Blanco y negro | J102: Palacio Municipal | K102: Control de Bienes | M102: Josefa Guerrero | N102: 1er | O102: Descargada | P102: Desacargada | Q102: ADN | R102: estan descargadas a control de bienes
A103: 97 | B103: ADN141168136 | C103: IMPRESORA LASER, MARCA HP, MOD. P2015, CREMA Y NEGRO | D103: HP | E103: P2015 | G103: Impresora | I103: Blanco y negro | J103: Palacio Municipal | K103: Control de Bienes | M103: Josefa Guerrero | N103: 1er | O103: Descargada | P103: Desacargada | Q103: ADN | R103: estan descargadas a control de bienes
...

Sheet Direcciones
D1: Alcaldia del Distrito Nacional
D2: Direccion de Tecnologia de la Informacion
A3: Relacion de Impresoras Palacio Municipal
F4: Tipo de Printer
B5: item | D5: Direccion | E5: Departamento | F5: Color | G5: B/N | H5: Volumen/ Pags. | I5: Capacidad | J5: Multifun.
C6: 1 | D6: Direccion administrativa | E6: Despacho del Director | F6: 1 | G6: 0 | H6: 1500 | J6: N/A
E7: Archivo y Correspondencia | F7: 0 | G7: 1 | H7: 2500 | J7: Multifuncional
E8: Almacen y suministro | F8: 0 | G8: 1 | H8: 500 | J8: N/A
E9: Compras y Contrataciones | F9: 1 | G9: 1 | H9: 7500 | J9: Multifuncional
E10: Planta fisica | F10: 0 | G10: 0 | H10: 500 | J10: N/A
E11: Control De Bienes | F11: 0 | G11: 1 | H11: 500 | J11: N/A
E12: Gobernacion | F12: 0 | G12: 1 | H12: 500 | J12: N/A
C13: 2 | D13: Direccion de Aseo urbano y equipos | E13: Despacho del Director | F13: 1 | G13: 0 | H13: 500 | J13: N/A
E14: Area de Coordinacion General | F14: 0 | G14: 1 | H14: 500 | J14: Multifuncional
E15: Area de Control operativo | F15: 1 | G15: 0 | H15: 500 | J15: N/A
C16: 3 | D16: Direccion de Auditoria | E16: Despacho Director | F16: 1 | G16: 0 | H16: 1500 | J16: N/A
E17: Area de Coordinacion General | F17: 0 | G17: 1 | H17: 1500 | J17: Multifuncional
C18: 4 | D18: Direccion de Comunicaciones | E18: Despacho Director | F18: 1 | G18: 0 | H18: 500 | J18: N/A
E19: Prensa | F19: 0 | G19: 1 | H19: 500 | J19: N/A
E20: Fotografia | F20: 0 | G20: 1 | H20: 500 | J20: Multifuncional
C21: 5 | D21: Concejo Municipal | E21: Presidencia | F21: 1 | G21: 0 | H21: 500 | J21: N/A
E22: Vice-presidencia | F22: 1 | G22: 0 | H22: 500 | J22: N/A
E23: Bloque PLD | F23: 0 | G23: 1 | H23: 500 | J23: N/A
E24: Bloque PLD | F24: 0 | G24: 1 | H24: 3500 | J24: Multifuncional
E25: Bloque PRM | F25: 0 | G25: 1 | H25: 500 | J25: N/A
E26: Bloque PRD | F26: 0 | G26: 1 | H26: 500 | J26: N/A
E27: Director Admin-Concejo | F27: 0 | G27: 1 | H27: 500 | J27: N/A
E28: Secretaria Admin-Concejo | F28: 0 | G28: 1 | H28: 500 | J28: N/A
E29: Archivo | F29: 0 | G29: 1 | H29: 500 | J29: N/A
C30: 6 | D30: Desarrollo comunitario | E30: Despacho Director | F30: 0 | G30: 1 | H30: 1500 | J30: N/A
E31: Administrativo | F31: 0 | G31: 1 | H31: 1500 | J31: N/A
C32: 7 | D32: Despacho del Alcalde | E32: Jefa Despacho | F32: 1 | G32: 1 | H32: 1000 | J32: Multifuncional
E33: Secretaria Tecnica | F33: 0 | G33: 1 | H33: 500 | J33: N/A
E34: Protocolo | F34: 0 | G34: 1 | H34: 1000 | J34: N/A
C35: 8 | D35: Dirección de Infraestructura Urbana | E35: Despacho Director | F35: 1 | G35: 0 | H35: 500 | J35: N/A
E36: Diseño | F36: 0 | G36: 0 | H36: 0 | J36: N/A
E37: Ejecucion De Obras | F37: 0 | G37: 0 | H37: 0 | J37: N/A
E38: Administrativo | F38: 0 | G38: 1 | H38: 2500 | J38: Multifuncional
C39: 9 | D39: Dirección de Recaudación | E39: Despacho DIrector | F39: 1 | G39: 0 | H39: 1500 | J39: N/A
E40: Gestion Comercial | F40: 0 | G40: 2 | H40: 500 | J40: Multifuncional
E41: Mantemiento De Base De Datos | F41: 0 | G41: 1 | H41: 500 | J41: N/A
E42: ATC | F42: 0 | G42: 1 | H42: 500 | J42: N/A
E43: Cobranza | F43: 0 | G43: 1 | H43: 5000 | J43: N/A
E44: Facturacion | F44: 0 | G44: 1 | H44: 260000 | J44: N/A
E45: Innovacion y Preoyectos especiales | F45: 2 | G45: 0 | H45: 1000 | J45: N/A
E46: Operaciones | F46: 0 | G46: 1 | H46: 2000 | J46: N/A
C47: 10 | D47: Dirección de Registro Civil | E47: Despacho del Director | F47: 1 | G47: 0 | H47: 500 | J47: N/A
E48: Administrativo | F48: 0 | G48: 1 | H48: 2500 | J48: Multifuncional
E49: Validacion | F49: 0 | G49: 0 | H49: 0 | J49: N/A
E50: Legal | F50: 0 | G50: 1 | H50: 1000 | J50: N/A
E51: Caja | F51: 0 | G51: 0 | H51: 0 | J51: N/A
C52: 11 | D52: Dirección Financiera | E52: Despacho Director | F52: 1 | G52: 1 | H52: 500 | J52: N/A
E53: Contabilidad | F53: 0 | G53: 1 | H53: 1500 | J53: Multifuncional
C54: 12 | D54: Dirección de Contraloría Municipal | E54: Despacho Director | F54: 1 | G54: 0 | H54: 500 | J54: N/A
E55: Administrativo | F55: 0 | G55: 1 | H55: 500 | J55: N/A
E56: Cooperativa | F56: 0 | G56: 1 | H56: 500 | J56: N/A
C57: 13 | D57: Dirección de Gestión de Calidad | E57: Despacho Director | F57: 0 | G57: 1 | H57: 1000 | J57: N/A
E58: Administrativo | F58: 0 | G58: 2 | H58: 1000 | J58: N/A
C59: 14 | D59: Dirección de Mantenimiento y Obras Comunitarias | E59: Despacho Director | F59: 0 | G59: 1 | H59: 500 | J59: N/A
E60: Administrativo | F60: 1 | G60: 1 | H60: 500 | J60: N/A
C61: 15 | D61: Dirección de Servicio Social | E61: Despacho Director | F61: 1 | G61: 0 | H61: 500 | J61: N/A
E62: Administrativo | F62: 0 | G62: 1 | H62: 500 | J62: N/A
E63: Consultorio | F63: 1 | G63: 0 | H63: 500 | J63: N/A
C64: 16 | D64: Dirección de Tesorería | E64: Despacho del Director | F64: 1 | G64: 0 | H64: 500 | J64: N/A
E65: Egresos | F65: 0 | G65: 0 | H65: 500 | J65: N/A
E66: Administrativo | F66: 0 | G66: 1 | H66: 500 | J66: N/A
E67: Caja | F67: 0 | G67: 1 | H67: 500 | J67: N/A
E68: Ingresos | F68: 0 | G68: 1 | H68: 5000 | J68: Multifuncional
C69: 17 | D69: Direccion Gestion humana | E69: Despacho director | F69: 1 | G69: 0 | H69: 500 | J69: N/A
E70: Archivo | F70: 0 | G70: 1 | H70: 500 | J70: N/A
E71: Administrativo | F71: 0 | G71: 1 | H71: 4500 | J71: Multifuncional
E72: Nomina | F72: 0 | G72: 0 | H72: 0 | J72: N/A
E73: Seguridad Social | F73: 0 | G73: 1 | H73: 1000 | J73: N/A
C74: 18 | D74: Direccion Juridica | E74: Despacho Director | F74: 1 | G74: 0 | H74: 500 | J74: N/A
E75: Cobros | F75: 0 | G75: 1 | H75: 500 | J75: N/A
E76: Litigios | F76: 0 | G76: 1 | H76: 500 | J76: N/A
E77: Contratos | F77: 0 | G77: 1 | H77: 1000 | J77: N/A
E78: Legal | F78: 0 | G78: 1 | H78: 5000 | J78: Multifuncional
E79: inmobiliaria | F79: 0 | G79: 2 | H79: 500 | J79: N/A
C80: 19 | D80: Direccion Planeamiento urbano | E80: Despacho Director | F80: 1 | G80: 0 | H80: 500 | J80: N/A
E81: Tasacion | F81: 0 | G81: 0 | H81: 0 | J81: N/A
E82: Urbanismo | F82: 0 | G82: 0 | H82: 0 | J82: N/A
E83: Planes y Normas | F83: 0 | G83: 0 | H83: 0 | J83: N/A
E84: Administrativo | F84: 0 | G84: 1 | H84: 2000 | J84: Multifuncional
E85: Inspeccion | F85: 0 | G85: 1 | H85: 500 | J85: N/A
C86: 20 | D86: Direccion De Planificacion y desarrolllo institucional | E86: Despacho Director | F86: 1 | G86: 0 | H86: 500 | J86: N/A
E87: Administrativo | F87: 0 | G87: 1 | H87: 1500 | J87: Multifuncional
C88: 21 | D88: Direccion de Secretaría General | E88: Despacho del Sec. General | F88: 0 | G88: 1 | H88: 500 | J88: N/A
E89: Despacho del Sec. Tecnica | F89: 0 | G89: 1 | H89: 500 | J89: N/A
E90: Observatorio Ciudadano | F90: 0 | G90: 1 | H90: 500 | J90: N/A
E91: Administrativo | F91: 0 | G91: 1 | H91: 1500 | J91: Multifuncional
C92: 22 | D92: Direccion de Transito y movilidad Urbana | E92: Despacho del Director | F92: 1 | G92: 0 | H92: 500 | J92: N/A
E93: Fiscalizacion y Permisos | F93: 1 | G93: 1 | H93: 500 | J93: N/A
C94: 23 | D94: Direccion de Tecnología de la Información | E94: Despacho Director | F94: 0 | G94: 1 | H94: 500 | J94: N/A
E95: Desarrollo | F95: 0 | G95: 1 | H95: 500 | J95: N/A
E96: Soporte Tecnico | F96: 0 | G96: 1 | H96: 500 | J96: N/A
E97: Infraestructura | F97: 1 | G97: 1 | H97: 500 | J97: Multifuncional
C98: 24 | D98: Direccion de Vice-Alcaldía | E98: Despacho DIrector | F98: 1 | G98: 0 | H98: 500 | J98: N/A
E99: Administrativo | F99: 2 | G99: 0 | H99: 500 | J99: N/A
C100: 25 | D100: Direccion de Policia Municipal | E100: Despacho del Director | F100: 1 | G100: 0 | H100: 500
...

Sheet Resumen Direcciones
A1: Resumen de Impresoras Requeridas por Dirección
A2: Según levantamiento – hoja Direcciones (Palacio Municipal). Especificaciones técnicas, sin referencia a marcas.
A4: Item | B4: Dirección | C4: A color sugeridas (según %) | D4: Blanco y negro (restante) | E4: Total Impresoras | F4: Multifuncionales sugeridas (incluidas en el total) | G4: Volumen Mensual (pág.) | H4: Vol. a Color Estimado (pág./mes) | I4: Categoría de Equipo Sugerida | J4: Características técnicas sugeridas | K4: Velocidad sugerida (ppm) | L4: Características técnicas sugeridas | M4: Opción a color | N4: Ref. original (levantamiento) | O4: Campos variables / aclaración
A5: 1 | B5: =Direcciones!D6 -> Direccion administrativa | C5: {=IF(M5="No",0,IFERROR(ROUND($E$32*N5/SUMPRODUCT(($M$5:$M$30<>"No")*$N$5:$N$30),0),0))} -> 1 | D5: =E5-C5 -> 6 | E5: =SUM(Direcciones!F6:G12) -> 7 | F5: =COUNTIF(Direcciones!J6:J12,"Multifuncional") -> 2 | G5: =SUM(Direcciones!H6:H12) -> 13500 | H5: =ROUND(G5*$C$32,0) -> 270 | I5: {=_xlfn.IFS(IFERROR(G5/E5,0)<=1000,"A – Escritorio",IFERROR(G5/E5,0)<=3000,"B – Departamental",IFERROR(G5/E5,0)<=10000,"C – Alto volumen",TRUE,"D – Producción")} -> B – Departamental | J5: Láser compacto (mono) 6 GB Ram Mínimo - 256 GB SSD con capacidad de 11*17 | K5: =INDEX($D$36:$D$39,MATCH(I5,$A$36:$A$39,0)) -> 30–40 ppm | L5: =IF(M5="No",INDEX($H$36:$H$39,MATCH(I5,$A$36:$A$39,0)),INDEX($E$36:$E$39,MATCH(I5,$A$36:$A$39,0))) -> Láser con bandeja ampliada; multifuncional departamental, dúplex | M5: Sí | N5: =SUM(Direcciones!F6:F12) -> 2 | O5: El % de color se modifica en C31. Cambiarlo recalcula la distribución Color vs. Blanco/Negro, pero no cambia el total de 97 equipos. Las 18 multifuncionales están incluidas dentro de ese total.
A6: 2 | B6: =Direcciones!D13 -> Direccion de Aseo urbano y equipos | C6: {=IF(M6="No",0,IFERROR(ROUND($E$32*N6/SUMPRODUCT(($M$5:$M$30<>"No")*$N$5:$N$30),0),0))} -> 1 | D6: =E6-C6 -> 2 | E6: =SUM(Direcciones!F13:G15) -> 3 | F6: =COUNTIF(Direcciones!J13:J15,"Multifuncional") -> 1 | G6: =SUM(Direcciones!H13:H15) -> 1500 | H6: =ROUND(G6*$C$32,0) -> 30 | I6: {=_xlfn.IFS(IFERROR(G6/E6,0)<=1000,"A – Escritorio",IFERROR(G6/E6,0)<=3000,"B – Departamental",IFERROR(G6/E6,0)<=10000,"C – Alto volumen",TRUE,"D – Producción")} -> A – Escritorio | J6: tamaño documental máximo 8.5*14 para escaneo - copia e impresión. | K6: =INDEX($D$36:$D$39,MATCH(I6,$A$36:$A$39,0)) -> 20–30 ppm | L6: =IF(M6="No",INDEX($H$36:$H$39,MATCH(I6,$A$36:$A$39,0)),INDEX($E$36:$E$39,MATCH(I6,$A$36:$A$39,0))) -> Láser compacto (mono o color); uso personal/escritorio | M6: Sí | N6: =SUM(Direcciones!F13:F15) -> 2
A7: 3 | B7: =Direcciones!D16 -> Direccion de Auditoria | C7: {=IF(M7="No",0,IFERROR(ROUND($E$32*N7/SUMPRODUCT(($M$5:$M$30<>"No")*$N$5:$N$30),0),0))} -> 1 | D7: =E7-C7 -> 1 | E7: =SUM(Direcciones!F16:G17) -> 2 | F7: =COUNTIF(Direcciones!J16:J17,"Multifuncional") -> 1 | G7: =SUM(Direcciones!H16:H17) -> 3000 | H7: =ROUND(G7*$C$32,0) -> 60 | I7: {=_xlfn.IFS(IFERROR(G7/E7,0)<=1000,"A – Escritorio",IFERROR(G7/E7,0)<=3000,"B – Departamental",IFERROR(G7/E7,0)<=10000,"C – Alto volumen",TRUE,"D – Producción")} -> B – Departamental | J7: Láser compacto (mono) 6 GB Ram Mínimo - 256 GB SSD con capacidad de 11*17 | K7: =INDEX($D$36:$D$39,MATCH(I7,$A$36:$A$39,0)) -> 30–40 ppm | L7: =IF(M7="No",INDEX($H$36:$H$39,MATCH(I7,$A$36:$A$39,0)),INDEX($E$36:$E$39,MATCH(I7,$A$36:$A$39,0))) -> Láser con bandeja ampliada; multifuncional departamental, dúplex | M7: Sí | N7: =SUM(Direcciones!F16:F17) -> 1
A8: 4 | B8: =Direcciones!D18 -> Direccion de Comunicaciones | C8: {=IF(M8="No",0,IFERROR(ROUND($E$32*N8/SUMPRODUCT(($M$5:$M$30<>"No")*$N$5:$N$30),0),0))} -> 1 | D8: =E8-C8 -> 2 | E8: =SUM(Direcciones!F18:G20) -> 3 | F8: =COUNTIF(Direcciones!J18:J20,"Multifuncional") -> 1 | G8: =SUM(Direcciones!H18:H20) -> 1500 | H8: =ROUND(G8*$C$32,0) -> 30 | I8: {=_xlfn.IFS(IFERROR(G8/E8,0)<=1000,"A – Escritorio",IFERROR(G8/E8,0)<=3000,"B – Departamental",IFERROR(G8/E8,0)<=10000,"C – Alto volumen",TRUE,"D – Producción")} -> A – Escritorio | J8: #N/A | K8: =INDEX($D$36:$D$39,MATCH(I8,$A$36:$A$39,0)) -> 20–30 ppm | L8: =IF(M8="No",INDEX($H$36:$H$39,MATCH(I8,$A$36:$A$39,0)),INDEX($E$36:$E$39,MATCH(I8,$A$36:$A$39,0))) -> Láser compacto (mono o color); uso personal/escritorio | M8: Sí | N8: =SUM(Direcciones!F18:F20) -> 1
A9: 5 | B9: =Direcciones!D21 -> Concejo Municipal | C9: {=IF(M9="No",0,IFERROR(ROUND($E$32*N9/SUMPRODUCT(($M$5:$M$30<>"No")*$N$5:$N$30),0),0))} -> 0 | D9: =E9-C9 -> 9 | E9: =SUM(Direcciones!F21:G29) -> 9 | F9: =COUNTIF(Direcciones!J21:J29,"Multifuncional") -> 1 | G9: =SUM(Direcciones!H21:H29) -> 7500 | H9: =ROUND(G9*$C$32,0) -> 150 | I9: {=_xlfn.IFS(IFERROR(G9/E9,0)<=1000,"A – Escritorio",IFERROR(G9/E9,0)<=3000,"B – Departamental",IFERROR(G9/E9,0)<=10000,"C – Alto volumen",TRUE,"D – Producción")} -> A – Escritorio | J9: #N/A | K9: =INDEX($D$36:$D$39,MATCH(I9,$A$36:$A$39,0)) -> 20–30 ppm | L9: =IF(M9="No",INDEX($H$36:$H$39,MATCH(I9,$A$36:$A$39,0)),INDEX($E$36:$E$39,MATCH(I9,$A$36:$A$39,0))) -> Láser monocromático compacto; uso personal/escritorio | M9: No | N9: =SUM(Direcciones!F21:F29) -> 2 | O9: Total equipos requeridos | Q9: 97
A10: 6 | B10: =Direcciones!D30 -> Desarrollo comunitario | C10: {=IF(M10="No",0,IFERROR(ROUND($E$32*N10/SUMPRODUCT(($M$5:$M$30<>"No")*$N$5:$N$30),0),0))} -> 0 | D10: =E10-C10 -> 2 | E10: =SUM(Direcciones!F30:G31) -> 2 | F10: =COUNTIF(Direcciones!J30:J31,"Multifuncional") -> 0 | G10: =SUM(Direcciones!H30:H31) -> 3000 | H10: =ROUND(G10*$C$32,0) -> 60 | I10: {=_xlfn.IFS(IFERROR(G10/E10,0)<=1000,"A – Escritorio",IFERROR(G10/E10,0)<=3000,"B – Departamental",IFERROR(G10/E10,0)<=10000,"C – Alto volumen",TRUE,"D – Producción")} -> B – Departamental | J10: tamaño documental máximo 11*17 para escaneo - copia e impresión. | K10: =INDEX($D$36:$D$39,MATCH(I10,$A$36:$A$39,0)) -> 30–40 ppm | L10: =IF(M10="No",INDEX($H$36:$H$39,MATCH(I10,$A$36:$A$39,0)),INDEX($E$36:$E$39,MATCH(I10,$A$36:$A$39,0))) -> Láser monocromático con bandeja ampliada; multifuncional departamental, dúplex | M10: No | N10: =SUM(Direcciones!F30:F31) -> 0 | O10: Multifuncionales sugeridas incluidas | Q10: 18
A11: 7 | B11: =Direcciones!D32 -> Despacho del Alcalde | C11: {=IF(M11="No",0,IFERROR(ROUND($E$32*N11/SUMPRODUCT(($M$5:$M$30<>"No")*$N$5:$N$30),0),0))} -> 1 | D11: =E11-C11 -> 3 | E11: =SUM(Direcciones!F32:G34) -> 4 | F11: =COUNTIF(Direcciones!J32:J34,"Multifuncional") -> 1 | G11: =SUM(Direcciones!H32:H34) -> 2500 | H11: =ROUND(G11*$C$32,0) -> 50 | I11: {=_xlfn.IFS(IFERROR(G11/E11,0)<=1000,"A – Escritorio",IFERROR(G11/E11,0)<=3000,"B – Departamental",IFERROR(G11/E11,0)<=10000,"C – Alto volumen",TRUE,"D – Producción")} -> A – Escritorio | J11: #N/A | K11: =INDEX($D$36:$D$39,MATCH(I11,$A$36:$A$39,0)) -> 20–30 ppm | L11: =IF(M11="No",INDEX($H$36:$H$39,MATCH(I11,$A$36:$A$39,0)),INDEX($E$36:$E$39,MATCH(I11,$A$36:$A$39,0))) -> Láser compacto (mono o color); uso personal/escritorio | M11: Sí | N11: =SUM(Direcciones!F32:F34) -> 1
A12: 8 | B12: =Direcciones!D35 -> Dirección de Infraestructura Urbana | C12: {=IF(M12="No",0,IFERROR(ROUND($E$32*N12/SUMPRODUCT(($M$5:$M$30<>"No")*$N$5:$N$30),0),0))} -> 1 | D12: =E12-C12 -> 1 | E12: =SUM(Direcciones!F35:G38) -> 2 | F12: =COUNTIF(Direcciones!J35:J38,"Multifuncional") -> 1 | G12: =SUM(Direcciones!H35:H38) -> 3000 | H12: =ROUND(G12*$C$32,0) -> 60 | I12: {=_xlfn.IFS(IFERROR(G12/E12,0)<=1000,"A – Escritorio",IFERROR(G12/E12,0)<=3000,"B – Departamental",IFERROR(G12/E12,0)<=10000,"C – Alto volumen",TRUE,"D – Producción")} -> B – Departamental | J12: Láser compacto (mono) 6 GB Ram Mínimo - 256 GB SSD con capacidad de 11*17 | K12: =INDEX($D$36:$D$39,MATCH(I12,$A$36:$A$39,0)) -> 30–40 ppm | L12: =IF(M12="No",INDEX($H$36:$H$39,MATCH(I12,$A$36:$A$39,0)),INDEX($E$36:$E$39,MATCH(I12,$A$36:$A$39,0))) -> Láser con bandeja ampliada; multifuncional departamental, dúplex | M12: Sí | N12: =SUM(Direcciones!F35:F38) -> 1
A13: 9 | B13: =Direcciones!D39&" (excl. Facturación)" -> Dirección de Recaudación (excl. Facturación) | C13: {=IF(M13="No",0,IFERROR(ROUND($E$32*N13/SUMPRODUCT(($M$5:$M$30<>"No")*$N$5:$N$30),0),0))} -> 2 | D13: =E13-C13 -> 7 | E13: =SUM(Direcciones!F39:G43)+SUM(Direcciones!F45:G46) -> 9 | F13: =COUNTIF(Direcciones!J39:J43,"Multifuncional")+COUNTIF(Direcciones!J45:J46,"Multifuncional") -> 1 | G13: =SUM(Direcciones!H39:H43)+SUM(Direcciones!H45:H46) -> 11000 | H13: =ROUND(G13*$C$32,0) -> 220 | I13: {=_xlfn.IFS(IFERROR(G13/E13,0)<=1000,"A – Escritorio",IFERROR(G13/E13,0)<=3000,"B – Departamental",IFERROR(G13/E13,0)<=10000,"C – Alto volumen",TRUE,"D – Producción")} -> B – Departamental | J13: Láser compacto (mono) 6 GB Ram Mínimo - 256 GB SSD con capacidad de 11*17 | K13: =INDEX($D$36:$D$39,MATCH(I13,$A$36:$A$39,0)) -> 30–40 ppm | L13: =IF(M13="No",INDEX($H$36:$H$39,MATCH(I13,$A$36:$A$39,0)),INDEX($E$36:$E$39,MATCH(I13,$A$36:$A$39,0))) -> Láser con bandeja ampliada; multifuncional departamental, dúplex | M13: Sí | N13: =SUM(Direcciones!F39:F43)+SUM(Direcciones!F45:F46) -> 3
A14: — | B14: Dir. de Recaudación – Facturación | C14: {=IF(M14="No",0,IFERROR(ROUND($E$32*N14/SUMPRODUCT(($M$5:$M$30<>"No")*$N$5:$N$30),0),0))} -> 0 | D14: =E14-C14 -> 1 | E14: =SUM(Direcciones!F44:G44) -> 1 | F14: =COUNTIF(Direcciones!J44:J44,"Multifuncional") -> 0 | G14: 275000 | H14: =ROUND(G14*$C$32,0) -> 5500 | I14: {=_xlfn.IFS(IFERROR(G14/E14,0)<=1000,"A – Escritorio",IFERROR(G14/E14,0)<=3000,"B – Departamental",IFERROR(G14/E14,0)<=10000,"C – Alto volumen",TRUE,"D – Producción")} -> D – Producción | J14: Láser de producción / alto rendimiento; multifuncional con acabado | K14: =INDEX($D$36:$D$39,MATCH(I14,$A$36:$A$39,0)) -> 55+ ppm | L14: =IF(M14="No",INDEX($H$36:$H$39,MATCH(I14,$A$36:$A$39,0)),INDEX($E$36:$E$39,MATCH(I14,$A$36:$A$39,0))) -> Láser monocromático de producción / alto rendimiento; multifuncional con acabado | M14: No | N14: =SUM(Direcciones!F44:F44) -> 0
A15: 10 | B15: =Direcciones!D47 -> Dirección de Registro Civil | C15: {=IF(M15="No",0,IFERROR(ROUND($E$32*N15/SUMPRODUCT(($M$5:$M$30<>"No")*$N$5:$N$30),0),0))} -> 0 | D15: =E15-C15 -> 3 | E15: =SUM(Direcciones!F47:G51) -> 3 | F15: =COUNTIF(Direcciones!J47:J51,"Multifuncional") -> 1 | G15: =SUM(Direcciones!H47:H51) -> 4000 | H15: =ROUND(G15*$C$32,0) -> 80 | I15: {=_xlfn.IFS(IFERROR(G15/E15,0)<=1000,"A – Escritorio",IFERROR(G15/E15,0)<=3000,"B – Departamental",IFERROR(G15/E15,0)<=10000,"C – Alto volumen",TRUE,"D – Producción")} -> B – Departamental | J15: Láser compacto (mono) 6 GB Ram Mínimo - 256 GB SSD con capacidad de 11*17 | K15: =INDEX($D$36:$D$39,MATCH(I15,$A$36:$A$39,0)) -> 30–40 ppm | L15: =IF(M15="No",INDEX($H$36:$H$39,MATCH(I15,$A$36:$A$39,0)),INDEX($E$36:$E$39,MATCH(I15,$A$36:$A$39,0))) -> Láser monocromático con bandeja ampliada; multifuncional departamental, dúplex | M15: No | N15: =SUM(Direcciones!F47:F51) -> 1
A16: 11 | B16: =Direcciones!D52 -> Dirección Financiera | C16: {=IF(M16="No",0,IFERROR(ROUND($E$32*N16/SUMPRODUCT(($M$5:$M$30<>"No")*$N$5:$N$30),0),0))} -> 0 | D16: =E16-C16 -> 3 | E16: =SUM(Direcciones!F52:G53) -> 3 | F16: =COUNTIF(Direcciones!J52:J53,"Multifuncional") -> 1 | G16: =SUM(Direcciones!H52:H53) -> 2000 | H16: =ROUND(G16*$C$32,0) -> 40 | I16: {=_xlfn.IFS(IFERROR(G16/E16,0)<=1000,"A – Escritorio",IFERROR(G16/E16,0)<=3000,"B – Departamental",IFERROR(G16/E16,0)<=10000,"C – Alto volumen",TRUE,"D – Producción")} -> A – Escritorio | J16: #N/A | K16: =INDEX($D$36:$D$39,MATCH(I16,$A$36:$A$39,0)) -> 20–30 ppm | L16: =IF(M16="No",INDEX($H$36:$H$39,MATCH(I16,$A$36:$A$39,0)),INDEX($E$36:$E$39,MATCH(I16,$A$36:$A$39,0))) -> Láser monocromático compacto; uso personal/escritorio | M16: No | N16: =SUM(Direcciones!F52:F53) -> 1
A17: 12 | B17: =Direcciones!D54 -> Dirección de Contraloría Municipal | C17: {=IF(M17="No",0,IFERROR(ROUND($E$32*N17/SUMPRODUCT(($M$5:$M$30<>"No")*$N$5:$N$30),0),0))} -> 0 | D17: =E17-C17 -> 3 | E17: =SUM(Direcciones!F54:G56) -> 3 | F17: =COUNTIF(Direcciones!J54:J56,"Multifuncional") -> 0 | G17: =SUM(Direcciones!H54:H56) -> 1500 | H17: =ROUND(G17*$C$32,0) -> 30 | I17: {=_xlfn.IFS(IFERROR(G17/E17,0)<=1000,"A – Escritorio",IFERROR(G17/E17,0)<=3000,"B – Departamental",IFERROR(G17/E17,0)<=10000,"C – Alto volumen",TRUE,"D – Producción")} -> A – Escritorio | J17: #N/A | K17: =INDEX($D$36:$D$39,MATCH(I17,$A$36:$A$39,0)) -> 20–30 ppm | L17: =IF(M17="No",INDEX($H$36:$H$39,MATCH(I17,$A$36:$A$39,0)),INDEX($E$36:$E$39,MATCH(I17,$A$36:$A$39,0))) -> Láser monocromático compacto; uso personal/escritorio | M17: No | N17: =SUM(Direcciones!F54:F56) -> 1
A18: 13 | B18: =Direcciones!D57 -> Dirección de Gestión de Calidad | C18: {=IF(M18="No",0,IFERROR(ROUND($E$32*N18/SUMPRODUCT(($M$5:$M$30<>"No")*$N$5:$N$30),0),0))} -> 0 | D18: =E18-C18 -> 3 | E18: =SUM(Direcciones!F57:G58) -> 3 | F18: =COUNTIF(Direcciones!J57:J58,"Multifuncional") -> 0 | G18: =SUM(Direcciones!H57:H58) -> 2000 | H18: =ROUND(G18*$C$32,0) -> 40 | I18: {=_xlfn.IFS(IFERROR(G18/E18,0)<=1000,"A – Escritorio",IFERROR(G18/E18,0)<=3000,"B – Departamental",IFERROR(G18/E18,0)<=10000,"C – Alto volumen",TRUE,"D – Producción")} -> A – Escritorio | J18: #N/A | K18: =INDEX($D$36:$D$39,MATCH(I18,$A$36:$A$39,0)) -> 20–30 ppm | L18: =IF(M18="No",INDEX($H$36:$H$39,MATCH(I18,$A$36:$A$39,0)),INDEX($E$36:$E$39,MATCH(I18,$A$36:$A$39,0))) -> Láser monocromático compacto; uso personal/escritorio | M18: No | N18: =SUM(Direcciones!F57:F58) -> 0
A19: 14 | B19: =Direcciones!D59 -> Dirección de Mantenimiento y Obras Comunitarias | C19: {=IF(M19="No",0,IFERROR(ROUND($E$32*N19/SUMPRODUCT(($M$5:$M$30<>"No")*$N$5:$N$30),0),0))} -> 0 | D19: =E19-C19 -> 3 | E19: =SUM(Direcciones!F59:G60) -> 3 | F19: =COUNTIF(Direcciones!J59:J60,"Multifuncional") -> 0 | G19: =SUM(Direcciones!H59:H60) -> 1000 | H19: =ROUND(G19*$C$32,0) -> 20 | I19: {=_xlfn.IFS(IFERROR(G19/E19,0)<=1000,"A – Escritorio",IFERROR(G19/E19,0)<=3000,"B – Departamental",IFERROR(G19/E19,0)<=10000,"C – Alto volumen",TRUE,"D – Producción")} -> A – Escritorio | J19: #N/A | K19: =INDEX($D$36:$D$39,MATCH(I19,$A$36:$A$39,0)) -> 20–30 ppm | L19: =IF(M19="No",INDEX($H$36:$H$39,MATCH(I19,$A$36:$A$39,0)),INDEX($E$36:$E$39,MATCH(I19,$A$36:$A$39,0))) -> Láser monocromático compacto; uso personal/escritorio | M19: No | N19: =SUM(Direcciones!F59:F60) -> 1
A20: 15 | B20: =Direcciones!D61 -> Dirección de Servicio Social | C20: {=IF(M20="No",0,IFERROR(ROUND($E$32*N20/SUMPRODUCT(($M$5:$M$30<>"No")*$N$5:$N$30),0),0))} -> 0 | D20: =E20-C20 -> 3 | E20: =SUM(Direcciones!F61:G63) -> 3 | F20: =COUNTIF(Direcciones!J61:J63,"Multifuncional") -> 0 | G20: =SUM(Direcciones!H61:H63) -> 1500 | H20: =ROUND(G20*$C$32,0) -> 30 | I20: {=_xlfn.IFS(IFERROR(G20/E20,0)<=1000,"A – Escritorio",IFERROR(G20/E20,0)<=3000,"B – Departamental",IFERROR(G20/E20,0)<=10000,"C – Alto volumen",TRUE,"D – Producción")} -> A – Escritorio | J20: #N/A | K20: =INDEX($D$36:$D$39,MATCH(I20,$A$36:$A$39,0)) -> 20–30 ppm | L20: =IF(M20="No",INDEX($H$36:$H$39,MATCH(I20,$A$36:$A$39,0)),INDEX($E$36:$E$39,MATCH(I20,$A$36:$A$39,0))) -> Láser monocromático compacto; uso personal/escritorio | M20: No | N20: =SUM(Direcciones!F61:F63) -> 2
A21: 16 | B21: =Direcciones!D64 -> Dirección de Tesorería | C21: {=IF(M21="No",0,IFERROR(ROUND($E$32*N21/SUMPRODUCT(($M$5:$M$30<>"No")*$N$5:$N$30),0),0))} -> 0 | D21: =E21-C21 -> 4 | E21: =SUM(Direcciones!F64:G68) -> 4 | F21: =COUNTIF(Direcciones!J64:J68,"Multifuncional") -> 1 | G21: =SUM(Direcciones!H64:H68) -> 7000 | H21: =ROUND(G21*$C$32,0) -> 140 | I21: {=_xlfn.IFS(IFERROR(G21/E21,0)<=1000,"A – Escritorio",IFERROR(G21/E21,0)<=3000,"B – Departamental",IFERROR(G21/E21,0)<=10000,"C – Alto volumen",TRUE,"D – Producción")} -> B – Departamental | J21: Láser compacto (mono) 6 GB Ram Mínimo - 256 GB SSD con capacidad de 11*17 | K21: =INDEX($D$36:$D$39,MATCH(I21,$A$36:$A$39,0)) -> 30–40 ppm | L21: =IF(M21="No",INDEX($H$36:$H$39,MATCH(I21,$A$36:$A$39,0)),INDEX($E$36:$E$39,MATCH(I21,$A$36:$A$39,0))) -> Láser monocromático con bandeja ampliada; multifuncional departamental, dúplex | M21: No | N21: =SUM(Direcciones!F64:F68) -> 1
A22: 17 | B22: =Direcciones!D69 -> Direccion Gestion humana | C22: {=IF(M22="No",0,IFERROR(ROUND($E$32*N22/SUMPRODUCT(($M$5:$M$30<>"No")*$N$5:$N$30),0),0))} -> 0 | D22: =E22-C22 -> 4 | E22: =SUM(Direcciones!F69:G73) -> 4 | F22: =COUNTIF(Direcciones!J69:J73,"Multifuncional") -> 1 | G22: =SUM(Direcciones!H69:H73) -> 6500 | H22: =ROUND(G22*$C$32,0) -> 130 | I22: {=_xlfn.IFS(IFERROR(G22/E22,0)<=1000,"A – Escritorio",IFERROR(G22/E22,0)<=3000,"B – Departamental",IFERROR(G22/E22,0)<=10000,"C – Alto volumen",TRUE,"D – Producción")} -> B – Departamental | J22: Láser compacto (mono) 6 GB Ram Mínimo - 256 GB SSD con capacidad de 11*17 | K22: =INDEX($D$36:$D$39,MATCH(I22,$A$36:$A$39,0)) -> 30–40 ppm | L22: =IF(M22="No",INDEX($H$36:$H$39,MATCH(I22,$A$36:$A$39,0)),INDEX($E$36:$E$39,MATCH(I22,$A$36:$A$39,0))) -> Láser monocromático con bandeja ampliada; multifuncional departamental, dúplex | M22: No | N22: =SUM(Direcciones!F69:F73) -> 1
A23: 18 | B23: =Direcciones!D74 -> Direccion Juridica | C23: {=IF(M23="No",0,IFERROR(ROUND($E$32*N23/SUMPRODUCT(($M$5:$M$30<>"No")*$N$5:$N$30),0),0))} -> 0 | D23: =E23-C23 -> 7 | E23: =SUM(Direcciones!F74:G79) -> 7 | F23: =COUNTIF(Direcciones!J74:J79,"Multifuncional") -> 1 | G23: =SUM(Direcciones!H74:H79) -> 8000 | H23: =ROUND(G23*$C$32,0) -> 160 | I23: {=_xlfn.IFS(IFERROR(G23/E23,0)<=1000,"A – Escritorio",IFERROR(G23/E23,0)<=3000,"B – Departamental",IFERROR(G23/E23,0)<=10000,"C – Alto volumen",TRUE,"D – Producción")} -> B – Departamental | J23: Láser compacto (mono) 6 GB Ram Mínimo - 256 GB SSD con capacidad de 11*17 | K23: =INDEX($D$36:$D$39,MATCH(I23,$A$36:$A$39,0)) -> 30–40 ppm | L23: =IF(M23="No",INDEX($H$36:$H$39,MATCH(I23,$A$36:$A$39,0)),INDEX($E$36:$E$39,MATCH(I23,$A$36:$A$39,0))) -> Láser monocromático con bandeja ampliada; multifuncional departamental, dúplex | M23: No | N23: =SUM(Direcciones!F74:F79) -> 1
A24: 19 | B24: =Direcciones!D80 -> Direccion Planeamiento urbano | C24: {=IF(M24="No",0,IFERROR(ROUND($E$32*N24/SUMPRODUCT(($M$5:$M$30<>"No")*$N$5:$N$30),0),0))} -> 0 | D24: =E24-C24 -> 3 | E24: =SUM(Direcciones!F80:G85) -> 3 | F24: =COUNTIF(Direcciones!J80:J85,"Multifuncional") -> 1 | G24: =SUM(Direcciones!H80:H85) -> 3000 | H24: =ROUND(G24*$C$32,0) -> 60 | I24: {=_xlfn.IFS(IFERROR(G24/E24,0)<=1000,"A – Escritorio",IFERROR(G24/E24,0)<=3000,"B – Departamental",IFERROR(G24/E24,0)<=10000,"C – Alto volumen",TRUE,"D – Producción")} -> A – Escritorio | J24: #N/A | K24: =INDEX($D$36:$D$39,MATCH(I24,$A$36:$A$39,0)) -> 20–30 ppm | L24: =IF(M24="No",INDEX($H$36:$H$39,MATCH(I24,$A$36:$A$39,0)),INDEX($E$36:$E$39,MATCH(I24,$A$36:$A$39,0))) -> Láser monocromático compacto; uso personal/escritorio | M24: No | N24: =SUM(Direcciones!F80:F85) -> 1
A25: 20 | B25: =Direcciones!D86 -> Direccion De Planificacion y desarrolllo institucional | C25: {=IF(M25="No",0,IFERROR(ROUND($E$32*N25/SUMPRODUCT(($M$5:$M$30<>"No")*$N$5:$N$30),0),0))} -> 1 | D25: =E25-C25 -> 1 | E25: =SUM(Direcciones!F86:G87) -> 2 | F25: =COUNTIF(Direcciones!J86:J87,"Multifuncional") -> 1 | G25: =SUM(Direcciones!H86:H87) -> 2000 | H25: =ROUND(G25*$C$32,0) -> 40 | I25: {=_xlfn.IFS(IFERROR(G25/E25,0)<=1000,"A – Escritorio",IFERROR(G25/E25,0)<=3000,"B – Departamental",IFERROR(G25/E25,0)<=10000,"C – Alto volumen",TRUE,"D – Producción")} -> A – Escritorio | J25: #N/A | K25: =INDEX($D$36:$D$39,MATCH(I25,$A$36:$A$39,0)) -> 20–30 ppm | L25: =IF(M25="No",INDEX($H$36:$H$39,MATCH(I25,$A$36:$A$39,0)),INDEX($E$36:$E$39,MATCH(I25,$A$36:$A$39,0))) -> Láser compacto (mono o color); uso personal/escritorio | M25: Sí | N25: =SUM(Direcciones!F86:F87) -> 1
A26: 21 | B26: =Direcciones!D88 -> Direccion de Secretaría General | C26: {=IF(M26="No",0,IFERROR(ROUND($E$32*N26/SUMPRODUCT(($M$5:$M$30<>"No")*$N$5:$N$30),0),0))} -> 0 | D26: =E26-C26 -> 4 | E26: =SUM(Direcciones!F88:G91) -> 4 | F26: =COUNTIF(Direcciones!J88:J91,"Multifuncional") -> 1 | G26: =SUM(Direcciones!H88:H91) -> 3000 | H26: =ROUND(G26*$C$32,0) -> 60 | I26: {=_xlfn.IFS(IFERROR(G26/E26,0)<=1000,"A – Escritorio",IFERROR(G26/E26,0)<=3000,"B – Departamental",IFERROR(G26/E26,0)<=10000,"C – Alto volumen",TRUE,"D – Producción")} -> A – Escritorio | J26: #N/A | K26: =INDEX($D$36:$D$39,MATCH(I26,$A$36:$A$39,0)) -> 20–30 ppm | L26: =IF(M26="No",INDEX($H$36:$H$39,MATCH(I26,$A$36:$A$39,0)),INDEX($E$36:$E$39,MATCH(I26,$A$36:$A$39,0))) -> Láser monocromático compacto; uso personal/escritorio | M26: No | N26: =SUM(Direcciones!F88:F91) -> 0
A27: 22 | B27: =Direcciones!D92 -> Direccion de Transito y movilidad Urbana | C27: {=IF(M27="No",0,IFERROR(ROUND($E$32*N27/SUMPRODUCT(($M$5:$M$30<>"No")*$N$5:$N$30),0),0))} -> 0 | D27: =E27-C27 -> 3 | E27: =SUM(Direcciones!F92:G93) -> 3 | F27: =COUNTIF(Direcciones!J92:J93,"Multifuncional") -> 0 | G27: =SUM(Direcciones!H92:H93) -> 1000 | H27: =ROUND(G27*$C$32,0) -> 20 | I27: {=_xlfn.IFS(IFERROR(G27/E27,0)<=1000,"A – Escritorio",IFERROR(G27/E27,0)<=3000,"B – Departamental",IFERROR(G27/E27,0)<=10000,"C – Alto volumen",TRUE,"D – Producción")} -> A – Escritorio | J27: #N/A | K27: =INDEX($D$36:$D$39,MATCH(I27,$A$36:$A$39,0)) -> 20–30 ppm | L27: =IF(M27="No",INDEX($H$36:$H$39,MATCH(I27,$A$36:$A$39,0)),INDEX($E$36:$E$39,MATCH(I27,$A$36:$A$39,0))) -> Láser monocromático compacto; uso personal/escritorio | M27: No | N27: =SUM(Direcciones!F92:F93) -> 2
A28: 23 | B28: =Direcciones!D94 -> Direccion de Tecnología de la Información | C28: {=IF(M28="No",0,IFERROR(ROUND($E$32*N28/SUMPRODUCT(($M$5:$M$30<>"No")*$N$5:$N$30),0),0))} -> 0 | D28: =E28-C28 -> 5 | E28: =SUM(Direcciones!F94:G97) -> 5 | F28: =COUNTIF(Direcciones!J94:J97,"Multifuncional") -> 1 | G28: =SUM(Direcciones!H94:H97) -> 2000 | H28: =ROUND(G28*$C$32,0) -> 40 | I28: {=_xlfn.IFS(IFERROR(G28/E28,0)<=1000,"A – Escritorio",IFERROR(G28/E28,0)<=3000,"B – Departamental",IFERROR(G28/E28,0)<=10000,"C – Alto volumen",TRUE,"D – Producción")} -> A – Escritorio | J28: #N/A | K28: =INDEX($D$36:$D$39,MATCH(I28,$A$36:$A$39,0)) -> 20–30 ppm | L28: =IF(M28="No",INDEX($H$36:$H$39,MATCH(I28,$A$36:$A$39,0)),INDEX($E$36:$E$39,MATCH(I28,$A$36:$A$39,0))) -> Láser monocromático compacto; uso personal/escritorio | M28: No | N28: =SUM(Direcciones!F94:F97) -> 1
A29: 24 | B29: =Direcciones!D98 -> Direccion de Vice-Alcaldía | C29: {=IF(M29="No",0,IFERROR(ROUND($E$32*N29/SUMPRODUCT(($M$5:$M$30<>"No")*$N$5:$N$30),0),0))} -> 0 | D29: =E29-C29 -> 3 | E29: =SUM(Direcciones!F98:G99) -> 3 | F29: =COUNTIF(Direcciones!J98:J99,"Multifuncional") -> 0 | G29: =SUM(Direcciones!H98:H99) -> 1000 | H29: =ROUND(G29*$C$32,0) -> 20 | I29: {=_xlfn.IFS(IFERROR(G29/E29,0)<=1000,"A – Escritorio",IFERROR(G29/E29,0)<=3000,"B – Departamental",IFERROR(G29/E29,0)<=10000,"C – Alto volumen",TRUE,"D – Producción")} -> A – Escritorio | J29: #N/A | K29: =INDEX($D$36:$D$39,MATCH(I29,$A$36:$A$39,0)) -> 20–30 ppm | L29: =IF(M29="No",INDEX($H$36:$H$39,MATCH(I29,$A$36:$A$39,0)),INDEX($E$36:$E$39,MATCH(I29,$A$36:$A$39,0))) -> Láser monocromático compacto; uso personal/escritorio | M29: No | N29: =SUM(Direcciones!F98:F99) -> 3
A30: 25 | B30: =Direcciones!D100 -> Direccion de Policia Municipal | C30: {=IF(M30="No",0,IFERROR(ROUND($E$32*N30/SUMPRODUCT(($M$5:$M$30<>"No")*$N$5:$N$30),0),0))} -> 0 | D30: =E30-C30 -> 2 | E30: =SUM(Direcciones!F100:G101) -> 2 | F30: =COUNTIF(Direcciones!J100:J101,"Multifuncional") -> 0 | G30: =SUM(Direcciones!H100:H101) -> 750 | H30: =ROUND(G30*$C$32,0) -> 15 | I30: {=_xlfn.IFS(IFERROR(G30/E30,0)<=1000,"A – Escritorio",IFERROR(G30/E30,0)<=3000,"B – Departamental",IFERROR(G30/E30,0)<=10000,"C – Alto volumen",TRUE,"D – Producción")} -> A – Escritorio | J30: #N/A | K30: =INDEX($D$36:$D$39,MATCH(I30,$A$36:$A$39,0)) -> 20–30 ppm | L30: =IF(M30="No",INDEX($H$36:$H$39,MATCH(I30,$A$36:$A$39,0)),INDEX($E$36:$E$39,MATCH(I30,$A$36:$A$39,0))) -> Láser monocromático compacto; uso personal/escritorio | M30: No | N30: =SUM(Direcciones!F100:F101) -> 2
B31: TOTAL GENERAL | C31: =SUM(C5:C30) -> 9 | D31: =SUM(D5:D30) -> 88 | E31: =SUM(E5:E30) -> 97 | F31: =SUM(F5:F30) -> 18 | G31: =SUM(G5:G30) -> 367750 | H31: =ROUND(G31*$C$32,0) -> 7355 | I31: Promedio general | J31: — | K31: — | L31: — | M31: =COUNTIF(M5:M30,"Sí")&" de 25 con color" -> 8 de 25 con color | N31: =SUM(N5:N30) -> 32
A32: Parámetro variable de distribución de color | B32: % vol. estimado a color: | C32: 0.02 | D32: Objetivo: | E32: =ROUND($N$31*C32/0.1,0) -> 6 | F32: Asignado: | G32: =C31 -> 9 | H32: =IF(G32=E32,"✓ Exacto","Dif: "&G32-E32) -> Dif: 3
A34: Referencia técnica y de costo – Categorías de equipo sugeridas
A35: Categoría | B35: Volumen mensual por equipo | C35: Ciclo de trabajo recomendado (pág./mes) | D35: Velocidad | E35: Tecnología / función | F35: Costo de adquisición relativo | G35: Costo por página (TCO) | H35: Características (sin color / monocromático)
A36: A – Escritorio | B36: Hasta 1,000 pág. | C36: Hasta 20,000 | D36: 20–30 ppm | E36: Láser compacto (mono o color); uso personal/escritorio | F36: Bajo | G36: Medio-alto (mayor costo por página a bajo volumen) | H36: Láser monocromático compacto; uso personal/escritorio
A37: B – Departamental | B37: 1,001 – 3,000 pág. | C37: Hasta 50,000 | D37: 30–40 ppm | E37: Láser con bandeja ampliada; multifuncional departamental, dúplex | F37: Medio | G37: Medio | H37: Láser monocromático con bandeja ampliada; multifuncional departamental, dúplex
A38: C – Alto volumen | B38: 3,001 – 10,000 pág. | C38: Hasta 100,000 | D38: 40–55 ppm | E38: Láser robusto; multifuncional de grupo de trabajo, dúplex y red | F38: Medio-alto | G38: Bajo | H38: Láser monocromático robusto; multifuncional de grupo de trabajo, dúplex y red
A39: D – Producción | B39: Más de 10,000 pág. | C39: Más de 150,000 | D39: 55+ ppm | E39: Láser de producción / alto rendimiento; multifuncional con acabado | F39: Alto | G39: Muy bajo (mejor TCO a alto volumen) | H39: Láser monocromático de producción / alto rendimiento; multifuncional con acabado
A41: Nota: El porcentaje de color en C31 es una estimación variable y puede modificarse (por ejemplo, 5%). Al cambiar C31, se recalcula el total estimado a color y el blanco/negro se ajusta como restante, manteniendo fijo el total general de 97 equipos. Las multifuncionales son una sugerencia funcional dentro del total de equipos requeridos; no representan equipos adicionales. La categoría se asigna por el volumen promedio por equipo (volumen total ÷ número de equipos).
A43: Clasificación de impresoras por velocidad (ppm)
A44: Velocidad (ppm) | B44: Categoría | C44: Cantidad de impresoras
A45: =D36 -> 20–30 ppm | B45: =A36 -> A – Escritorio | C45: =SUMIF($K$5:$K$30,A45,$E$5:$E$30) -> 56
A46: =D37 -> 30–40 ppm | B46: =A37 -> B – Departamental | C46: 39
A47: =D38 -> 40–55 ppm | B47: =A38 -> C – Alto volumen | C47: 1
A48: =D39 -> 55+ ppm | B48: =A39 -> D – Producción | C48: =SUMIF($K$5:$K$30,A48,$E$5:$E$30) -> 1
A49: Total | C49: =SUM(C45:C48) -> 97

Sheet Sedes fuera
A3: Dirección de Servicios Públicos
A4: Dirección de Servicios Públicos | B4: Cementerio Nacional
A5: Dirección de Servicios Públicos
A6: Dirección de Servicios Públicos | B6: Mercado villa consuelo
A7: Dirección de Servicios Públicos | B7: Mercado Villa consuelo
A8: Dirección de Servicios Públicos | B8: Cementerio Nacional
A9: Dirección de Servicios Públicos | B9: Cementerio Nacional
A10: Dirección de Servicios Públicos | B10: Cementerio Nacional
A11: Dirección de Servicios Públicos | B11: Mercado de honduras
A12: Dirección de Servicios Públicos | B12: Plaza JOSE MARTIN
A13: Aseo urbano y equipos | B13: Tranferencia
A14: Dirección de Patrimonio Cultural y Centro Histórico
A15: Dirección de Recaudación | B15: Piantini
A16: Dirección de Defensoría y Uso de Espacios Públicos | B16: Despacho Director
A17: Dirección de Defensoría y Uso de Espacios Públicos | B17: Legal
A18: Dirección de Gestión Ambiental | B18: Despacho Director

Sheet Relacion de impresion antigua
B1: Alcaldia del Distrito Nacional
B2: Direccion de Tecnologia de la Informacion
B3: Relacion de Impresoras Palacio Municipal
B4: Direccion | C4: Departamento | D4: Modelo Impresora | E4: Tipo | F4: Volumen de Impresión B/N | G4: Volumen de Impresión Color | H4: Estatus | I4: Inventario
A5: 1 | B5: Administrativo | C5: Planta Fisica | D5: RICOH MP2554 | E5: Blanco y Negro | F5: 500 | H5: A | I5: Alquilada
A6: 2 | B6: Administrativo | C6: Compras | D6: Ricoh Mp2554 | E6: Blanco y Negro | F6: 7500 | H6: A | I6: Alquilada
A7: 3 | B7: Administrativo | C7: Archivo y Correspondencia | D7: HP LaserJet P4015n | E7: Blanco y Negro | F7: 1500 | H7: A | I7: ADN0310449
A8: 4 | B8: Administrativo | C8: Control De Bienes | D8: HP LaserJet 1020 | E8: Blanco y Negro | F8: 500 | H8: A | I8: ADN141167717
A9: 5 | B9: Administrativo | C9: Almacen y Suministro | D9: Ricoh Mp305 | E9: Blanco y Negro | F9: 2500 | H9: A | I9: Alquilada
A10: 6 | B10: Aseo urbano | C10: Aseo urbano | D10: EPSON | E10: Blanco y Negro | F10: 2000 | H10: A | I10: ADN1496521770
A11: 7 | B11: Aseo urbano | C11: Aseo urbano | D11: HP | E11: Blanco y Negro | F11: 2000 | H11: A | I11: ADN1496516203
A12: 8 | B12: Auditoria | C12: Auditoria | D12: Ricoh Mp 301 | E12: Blanco y Negro | F12: 1500 | H12: A | I12: Alquilada
A13: 9 | B13: Auditoria | C13: Auditoria | D13: HP LaserJet P1606dn | E13: Blanco y Negro | F13: 1500 | H13: A | I13: ADN2396514304
A14: 10 | B14: Auditoria | C14: Auditoria | D14: Color LaserJet Pro MFP 4303dw | E14: Color | F14: 0 | G14: 600 | H14: A | I14: N/A
A15: 11 | B15: Consejo Municipal | C15: Cooperativa | D15: HP M127fn | E15: Blanco y Negro | F15: 500 | H15: A | I15: N/A
A16: 12 | B16: Consejo Municipal | C16: Archivo | D16: Ricoh Mp2554 | E16: Blanco y Negro | F16: 3500 | H16: A | I16: Alquilada
A17: 13 | B17: Consejo Municipal | C17: Bloque PRM | D17: Hp LaserJet P2035 | E17: Blanco y Negro | F17: 500 | H17: A | I17: ADN149458
A18: 14 | B18: Consejo Municipal | C18: Bloque PLD | D18: HP LaserJet P1102w | E18: Blanco y Negro | F18: 500 | H18: A | I18: N/A
A19: 15 | B19: Consejo Municipal | C19: Bloque FRP | D19: HP LaserJet M132 MFP | E19: Blanco y Negro | F19: 500 | H19: A | I19: ADN0310567
A20: 16 | B20: Consejo Municipal | C20: Vice Presidencia | D20: HP LaserJet 1020 | E20: Blanco y Negro | F20: 500 | H20: A | I20: ADN1161798
A21: 17 | B21: Consejo Municipal | C21: Presidencia | D21: HP LaserJet PRO MFP M521dn | E21: Blanco y Negro | F21: 500 | H21: A | I21: ADN1411616227
A22: 18 | B22: Consejo Municipal | C22: Administrativo | D22: HP LaserJet PRO MFP M521dn | E22: Blanco y Negro | F22: 1500 | H22: A | I22: ADN1411616226
A23: 19 | B23: Consejo Municipal | C23: Contraloria | D23: Hp LaserJet P1606 | E23: Blanco y Negro | F23: 500 | H23: A | I23: ADN2396514307
A24: 20 | B24: Desarrollo Comunitario | C24: Desarrollo Comunitario | D24: Ricoh Mp 305 | E24: Blanco y Negro | F24: 1000 | H24: A | I24: Alquilada
A25: 21 | B25: Despacho | C25: Despacho | D25: Ricoh Mp406+ | E25: Color | F25: 0 | G25: 400 | H25: A | I25: Alquilada
A26: 22 | B26: Despacho | C26: Despacho | D26: Ricoh Mp301 | E26: Blanco y Negro | F26: 1000 | H26: A | I26: Alquilada
A27: 23 | B27: Financiero | C27: Financiero | D27: HP LaserJet P1606dn | E27: Blanco y Negro | F27: 1000 | H27: A | I27: ADN2396514290
A28: 24 | B28: Financiero | C28: Financiero | D28: HP Color LaserJet M277dw | E28: Color | F28: 0 | G28: 350 | H28: A | I28: ADN1426016231
A29: 25 | B29: Gestion de calidad | C29: Gestion de calidad | D29: HP | E29: Blanco y Negro | F29: 500 | H29: A | I29: ADN2311617970
A30: 26 | B30: Gestion de calidad | C30: Gestion de calidad | D30: EPSON* | E30: Blanco y Negro | F30: 1000 | H30: I | I30: ADN2396514305
A31: 27 | B31: Gestion de calidad | C31: Gestion de calidad | D31: HP | E31: Blanco y Negro | F31: 1500 | H31: A | I31: ADN1418248
A32: 28 | B32: Gestion de calidad | C32: Gestion de calidad | D32: HP | E32: Blanco y Negro | F32: 2000 | H32: A | I32: ADN1413006
A33: 29 | B33: Gestion Humana | C33: Seguridad Social | D33: Ricoh Mp | E33: Blanco y Negro | F33: 1000 | H33: A | I33: Alquilada
A34: 30 | B34: Gestion Humana | C34: Gestion Humana | D34: Ricoh Mp 2554 | E34: Blanco y Negro | F34: 4500 | H34: A | I34: Alquilada
A35: 31 | B35: Gestion Humana | C35: Reclutamiento | D35: HP LaserJet Pro MFP M127fn | E35: Blanco y Negro | F35: 500 | H35: A | I35: *1436*
A36: 32 | B36: Infraestructura | C36: Infraestructura | D36: HP LaserJet M277DW | E36: Color | F36: 0 | G36: 250 | H36: A | I36: ADN1458818070
A37: 33 | B37: Infraestructura | C37: Infraestructura | D37: Ricoh Mp2554 | E37: Blanco y Negro | F37: 2500 | H37: A | I37: Alquilada
A38: 34 | B38: Juridica | C38: Inmobiliaria | D38: HP LaserJet P1505n | E38: Blanco y Negro | F38: 0 | H38: I | I38: ADN141169188
A39: 35 | B39: Juridica | C39: Inmobiliaria | D39: Brother MFC-L590 | E39: Blanco y Negro | F39: 500 | H39: A | I39: ADN1426018069
A40: 36 | B40: Juridica | C40: Inmobiliaria | D40: HP LaserJet 1020 | E40: Blanco y Negro | F40: 500 | H40: A | I40: ADN141165117
A41: 37 | B41: Juridica | C41: Juridica | D41: Ricoh Mp 2352 | E41: Blanco y Negro | F41: 5000 | H41: A | I41: Alquilada
A42: 38 | B42: Mantenimiento y Obras Comunitarias | C42: Mantenimiento y Obras Comunitarias | D42: HP P1606Dn | E42: Blanco y Negro | F42: 500 | H42: A | I42: ADN2396514360
A43: 39 | B43: Mantenimiento y Obras Comunitarias | C43: Mantenimiento y Obras Comunitarias | D43: HP LaserJet MFP M277DW | E43: Color | F43: 0 | G43: 400 | H43: A | I43: ADN1411616228
A44: 40 | B44: Mantenimiento y Obras Comunitarias | C44: Mantenimiento y Obras Comunitarias | D44: HP LaserJet MFP M277DW | E44: Color | F44: 0 | G44: 400 | H44: A | I44: ADN1411618074
A45: 41 | B45: Planeamiento Urbano | C45: Tramitacion | D45: HP LaserJet P2015 | E45: Blanco y Negro | F45: 1000 | H45: A | I45: ADN141167998
A46: 42 | B46: Planeamiento Urbano | C46: Planeamiento Urbano | D46: Ricoh Mp2553 | E46: Blanco y Negro | F46: 2000 | H46: A | I46: Alquilada
A47: 43 | B47: Planificacion y Desarrollo | C47: Planificacion y Desarrollo | D47: Ricoh Mp2555 | E47: Blanco y Negro | F47: 1500 | H47: A | I47: Alquilada
A48: 44 | B48: Oficina del PNUD | C48: Pnud | D48: HP LaserJet PRO MFP M1212nf | E48: Blanco y Negro | F48: 500 | H48: A | I48: ADN1412999
A49: 45 | B49: Policia Municpal | C49: Policia Municpal | D49: Epson L3250 | E49: Color | F49: 0 | G49: 250 | H49: A | I49: ADN1496521551
A50: 46 | B50: Policia Municpal | C50: Monitoreo De Camaras | D50: Hp LaserJet 506DN | E50: Blanco y Negro | F50: 0 | H50: I | I50: ADN1414929
A51: 47 | B51: Recaudacion | C51: Administrativo | D51: HP Color LaserJet MFP 3303fdw | E51: Color | F51: 0 | G51: 350 | H51: A | I51: N/A
A52: 48 | B52: Recaudacion | C52: Cobranza | D52: HP LaserJet P4014n | E52: Blanco y Negro | F52: 1000 | H52: A | I52: *1025*(013)
A53: 49 | B53: Recaudacion | C53: Cobranza | D53: HP DeskJet 1515 | E53: Color | F53: 0 | G53: 0 | H53: I | I53: ADN1414446
A54: 50 | B54: Recaudacion | C54: Atencion Al Cliente | D54: HP LaserJet P1005 | E54: Blanco y Negro | F54: 1000 | H54: A | I54: ADN141167977
A55: 51 | B55: Recaudacion | C55: Atencion Al Cliente | D55: HP LaserJet MFP M277DW | E55: Color | F55: 0 | G55: 850 | H55: A | I55: ADN1411618075
A56: 52 | B56: Recaudacion | C56: Administrativo | D56: HP LaserJet P1005 | E56: Blanco y Negro | F56: 500 | H56: A | I56: ADN141167971
A57: 53 | B57: Recaudacion | C57: Mantenimento de Base De Datos | D57: HP LaserJet MFP M277DW | E57: Color | F57: 0 | G57: 400 | H57: A | I57: N/A
A58: 54 | B58: Recaudacion | C58: Innovacion y Proyectos Especiales | D58: HP LaserJet M227fdw | E58: Blanco y Negro | F58: 500 | H58: A | I58: N/A
A59: 55 | B59: Recaudacion | C59: Cobranza | D59: HP LaserJet M227fdw | E59: Blanco y Negro | F59: 500 | H59: A | I59: ADN1411618072
A60: 56 | B60: Recaudacion | C60: Telepago | D60: HP | E60: Blanco y Negro | F60: 500 | H60: A | I60: ADN1411618071
A61: 57 | B61: Recaudacion | C61: Operaciones | D61: RICOH MP2554 | E61: Blanco y Negro | F61: 5000 | H61: A | I61: Alquilada
A62: 58 | B62: Recaudacion | C62: Gestion comercial | D62: RICOH Mp 501 | E62: Blanco y Negro | F62: 500 | H62: A | I62: Alquilada
A63: 59 | B63: Recaudacion | C63: Gestion comercial | D63: RICOH MP2555 | E63: Blanco y Negro | F63: 2000 | H63: A | I63: Alquilada
A64: 60 | B64: Recaudacion | C64: Innovacion y Proyectos Especiales | D64: Hp Color LaserJet M277dw | E64: Color | F64: 0 | G64: 250 | H64: A | I64: ADN2726015997
A65: 61 | B65: Recaudacion | C65: Piantini | D65: Ricoh Mp 2554 | E65: Blanco y Negro | F65: 3000 | H65: A | I65: Alquilada
A66: 62 | B66: Recaudacion | C66: Facturacion | D66: Ricoh Pro 8300s | E66: Blanco y Negro | F66: 260000 | H66: A | I66: Alquilada
A67: 63 | B67: Registro Civil | C67: Registro Civil | D67: Ricoh MP2554 | E67: Blanco y Negro | F67: 2500 | H67: A | I67: Alquilada
A68: 64 | B68: Secretaria General | C68: Secretaria General | D68: Ricoh Mp2352 | E68: Blanco y Negro | F68: 2500 | H68: A | I68: Alquilada
A69: 65 | B69: Secretaria General | C69: Observatorio Ciudadano | D69: Hp ColorLaserJet M281FDW | E69: Color | F69: 0 | G69: 700 | H69: A | I69: ADN1426016994
A70: 66 | B70: Servicio Social | C70: Servicio Social | D70: HP M277DW | E70: Color | F70: 0 | G70: 0 | H70: I | I70: ADN14116215
A71: 67 | B71: Servicio Social | C71: Servicio Social | D71: Epson L5190 | E71: Color | F71: 0 | G71: 900 | H71: A | I71: Equipo Donado
A72: 68 | B72: Servicio Social | C72: Consultorio | D72: Epson L355 | E72: Color | F72: 0 | G72: 700 | H72: A | I72: Equipo Donado
A73: 69 | B73: Tecnologia | C73: Soporte Tecnico | D73: HP LaserJet P3015 | E73: Blanco y Negro | F73: 500 | H73: A | I73: ADN2396513973
A74: 70 | B74: Tecnologia | D74: Hp LaserJet 1020 | E74: Blanco y Negro | F74: 500 | H74: A | I74: ADN141167882
A75: 71 | B75: Tecnologia | D75: Hp DeskJet 4535 | E75: Color | F75: 0 | H75: A | I75: *1633*
A76: 72 | B76: Tecnologia | D76: Epson L5190 | E76: Color | F76: 0 | G76: 150 | H76: A | I76: ADN1496517974
A77: 73 | B77: Tecnologia | D77: Hp LaserJet MFP M227fdw | E77: Blanco y Negro | F77: 500 | H77: A | I77: ADN1411618063
A78: 74 | B78: Tesoreria | C78: Tesoreria | D78: RICOH MP255 | E78: Blanco y Negro | F78: 5000 | H78: A | I78: Alquilada
A79: 75 | B79: transito y Movilidad Urbana | C79: transito y Movilidad Urbana | D79: Epson L4260 | E79: Color | F79: 0 | G79: 700 | H79: A | I79: ADN1496521163
A80: 76 | B80: transito y Movilidad Urbana | C80: transito y Movilidad Urbana | D80: HP LaserJet P1005 | E80: Blanco y Negro | F80: 1500 | H80: A | I80: ADN1411025
A81: 77 | B81: Vice Alcaldia | C81: Vice Alcaldia | D81: HP Color LASERJET BLANCA M180NW | E81: Color | F81: 0 | G81: 400 | H81: A | I81: ADN1411618121
A82: 78 | B82: Vice Alcaldia | C82: Vice Alcaldia | D82: HP LaserJet 1020 | E82: Blanco y Negro | F82: 500 | H82: A | I82: ADN141162587
B84: Total | F84: =SUM(F5:F83) -> 344000 | G84: =SUM(G5:G83) -> 8050 | I84: =SUM(F84:H84) -> 352050

Sheet Grafico
A3: Marca | B3: Cuenta de Marca
A4: BEMATECH | B4: 9
A5: BENQ | B5: 1
A6: BIXOLON | B6: 6
A7: BROTHER | B7: 3
A8: CANON | B8: 14
A9: datacard | B9: 1
A10: DELL | B10: 3
A11: EPSON | B11: 43
A12: FUJITSU | B12: 9
A13: HEDMAN | B13: 1
A14: HONEYWELL | B14: 4
A15: HP | B15: 316
... A29: ZEBRA | B29: 20

Sheet  Grafico(2)
A3: color de impresión | B3: Cuenta de color de impresión
A4: a color | B4: 23
A5: Blanco y negro | B5: 488

Sheet Datos transformados
B2: INFORMACIÓN IMPORTANTE
B3: Ha insertado una recomendación que utiliza una tabla dinámica.
B4: Las tablas dinámicas funcionan mejor cuando los datos están organizados en columnas y tienen una sola fila de encabezado, así que eso es lo que hemos hecho a continuación.
C6: Campo1 | D6: Campo2 | E6: Campo3 | F6: Campo4 | G6: Campo5 | H6: Campo6 | I6: Campo7 | J6: Campo8 | K6: Campo9 | L6: Campo10 | M6: Campo11 | N6: Campo12 | O6: Campo13 | P6: Campo14 | Q6: Campo15 | R6: Campo16 | S6: Campo17 | T6: Campo18
C7: item | D7: codigo de inventario | E7: Descripcion del Equipo | F7: Marca | G7: Modelo | H7: conexión | I7: Tipo | J7: Mecanismo de impresión | K7: color de impresión | L7: Localidad | M7: Direccion | N7: Departamento | O7: Nombre de usuario | P7: Piso | Q7: Estado | R7: Condicion | S7: Propietario | T7: Observacion
C8: 1 | D8: ADN1411618063 | E8: IMPRESORA LASER JET MFP M22 FDW | F8: HP | G8: M227FDW | H8: RED | I8: Impresora | J8: Laser | K8: Blanco y negro | L8: Palacio Municipal | M8: Despacho del Alcalde (sa) | O8: ROSA CAROLINA MEJIA GOMEZ | P8: 4to | Q8: en uso | S8: ADN | T8: ok
C9: 2 | D9: ADN1496515339 | E9: IMPRESORA HP DESINGNJET T120-24 NEGRA BASE MOVIBLE DE PLANOS (PLOTER) | F9: HP | G9: T120 | I9: Impresora | K9: Blanco y negro | L9: Palacio Municipal | M9: Secretaría General | N9: Transito y movilidad Urbana | O9: Dario dominguez | P9: 4to | Q9: en uso | S9: ADN | T9: ok
C10: 3 | D10: ADN141166567 | E10: IMPRESORA LASER, MARCA HP, MOD. P1005, | F10: HP | G10: P1005 | I10: Impresora | K10: Blanco y negro | L10: Palacio Municipal | M10: Dirección de Recaudación | O10: YOLANDA BERTILIA DE LA ROSA FERNANDEZ | P10: 1er | Q10: Perdida | S10: ADN | T10: no encontrada
C11: 4 | D11: ADN149466 | E11: IMPRESORA LASER, A COLOR, EPSON, STUDIO T22, NEGRO | F11: EPSON | G11: STUDIO T22 | I11: Impresora | K11: Blanco y negro | L11: Palacio Municipal | M11: Control de Bienes | O11: Josefa Guerrero | P11: 1er | Q11: Descargada | R11: Desacargada | S11: ADN | T11: estan descargadas a control de bienes
C12: 5 | D12: ADN1414929 | E12: IMPRESORA HP LASERJET MOD.506DN, CREMA (BID) | F12: HP | G12: LASERJET MOD.506DN | H12: RED | I12: Impresora | J12: Laser | K12: Blanco y negro | L12: Palacio Municipal | M12: Planificacion y desarrolllo institucional | O12: alexia denisse infante | P12: 5to | Q12: en uso | S12: ADN | T12: ok
C13: 6 | D13: ADN031074277 | E13: IMPRESORA MULTIFUNCION, LEXMARK, MODELO X-83, COLOR CREMA | F13: LEXMARK | G13: X-83 | I13: Impresora | K13: Blanco y negro | L13: Palacio Municipal | M13: Control de Bienes | O13: Josefa Guerrero | P13: 1er | Q13: Descargada | R13: Desacargada | S13: ADN | T13: estan descargadas a control de bienes
C14: 7 | D14: ADN0311585 | E14: IMPRESORA,MARCA ZEBRA,PARA CODIGO DE BARRA | F14: ZEBRA | G14: ZD410 | I14: Impresora | K14: Blanco y negro | L14: Palacio Municipal | M14: Control de Bienes | O14: Josefa Guerrero | P14: 1er | Q14: Descargada | R14: Desacargada | S14: ADN | T14: estan descargadas a control de bienes
C15: 8 | D15: ADN0311586 | E15: IMPRESORA,MARCA ZEBRA,PARA CODIGO DE BARRA | F15: ZEBRA | G15: ZD410 | I15: Impresora | K15: Blanco y negro | L15: Palacio Municipal | M15: Control de Bienes | O15: Josefa Guerrero | P15: 1er | Q15: Descargada | R15: Desacargada | S15: ADN | T15: estan descargadas a control de bienes
C16: 9 | D16: ADN0311587 | E16: IMPRESORA,MARCA ZEBRA,PARA CODIGO DE BARRA | F16: ZEBRA | G16: ZD410 | I16: Impresora | K16: Blanco y negro | L16: Palacio Municipal | M16: Control de Bienes | O16: Josefa Guerrero | P16: 1er | Q16: Descargada | R16: Desacargada | S16: ADN | T16: estan descargadas a control de bienes
C17: 10 | D17: ADN03116848 | E17: IMPRESORA MULTIFUNCIONAL HP, DESTJET 1515 AIO.BLANCA | F17: HP | G17: 1515 AIO | I17: Impresora | K17: a color | L17: Palacio Municipal | M17: Control de Bienes | O17: Josefa Guerrero | P17: 1er | Q17: Descargada | R17: Desacargada | S17: ADN | T17: estan descargadas a control de bienes
C18: 11 | D18: ADN031172501 | E18: IMPRESORA DE INYECCION, HP, MODELO 920C, COLOR CREMA | F18: HP | G18: 920C | I18: Impresora | K18: Blanco y negro | L18: Palacio Municipal | M18: Control de Bienes | O18: Josefa Guerrero | P18: 1er | Q18: Descargada | R18: Desacargada | S18: ADN | T18: estan descargadas a control de bienes
C19: 12 | D19: ADN0312865 | E19: IMPRESORA HP MOD-1000, COLOR CREMA | F19: HP | G19: 1000 | I19: Impresora | K19: Blanco y negro | L19: Palacio Municipal | M19: Control de Bienes | O19: Josefa Guerrero | P19: 1er | Q19: Descargada | R19: Desacargada | S19: ADN | T19: estan descargadas a control de bienes
C20: 13 | D20: ADN032609081 | E20: IMPRESORA MULTIFUNCION, HP, MOD. CM-232NF, COLOR BLANCO | F20: HP | G20: CM232NF | I20: Impresora | K20: Blanco y negro | L20: Palacio Municipal | M20: Control de Bienes | O20: Josefa Guerrero | P20: 1er | Q20: Descargada | R20: Desacargada | S20: ADN | T20: estan descargadas a control de bienes
C21: 14 | D21: ADN039983 | E21: IMPRESORA,MULTIFUNCIONAL,MARCA LEXMARK,MOD GENESIS S815 | F21: LEXMARK | G21: GENESIS S815 | I21: Impresora | K21: Blanco y negro | L21: Palacio Municipal | M21: Control de Bienes | O21: Josefa Guerrero | P21: 1er | Q21: Descargada | R21: Desacargada | S21: ADN | T21: estan descargadas a control de bienes
C22: 15 | D22: ADN1410741 | E22: IMPRESORA HP,MOD-LASER JETS P1005, GRIS | F22: HP | G22: P1005 | I22: Impresora | K22: Blanco y negro | L22: Palacio Municipal | M22: Control de Bienes | O22: Josefa Guerrero | P22: 1er | Q22: Descargada | R22: Desacargada | S22: ADN | T22: estan descargadas a control de bienes
C23: 16 | D23: ADN1410788 | E23: IMPRESORA,MARCA HP,MOD OFICCE JET,COLOR NEGRO | F23: HP | G23: NO DEFINIDO | I23: Impresora | K23: Blanco y negro | L23: Palacio Municipal | M23: Control de Bienes | O23: Josefa Guerrero | P23: 1er | Q23: Descargada | R23: Desacargada | S23: ADN | T23: estan descargadas a control de bienes
C24: 17 | D24: ADN1410976 | E24: IMPRESORA,MARCA CANNON,MOD LBP3200,BLANCO | F24: CANON | G24: LBP3200 | I24: Impresora | K24: Blanco y negro | L24: Palacio Municipal | M24: Control de Bienes | O24: Josefa Guerrero | P24: 1er | Q24: Descargada | R24: Desacargada | S24: ADN | T24: estan descargadas a control de bienes
C25: 18 | D25: ADN1410978 | E25: IMPRESORA,MARCA LEXMARK,MOD E120,COLOR NEGRO | F25: LEXMARK | G25: E-120 | I25: Impresora | K25: Blanco y negro | L25: Palacio Municipal | M25: Control de Bienes | O25: Josefa Guerrero | P25: 1er | Q25: Descargada | R25: Desacargada | S25: ADN | T25: estan descargadas a control de bienes
C26: 19 | D26: ADN1411047 | E26: IMPRESORA DESK JET,MARCA HP,MOD D3747 | F26: HP | G26: D3747 | I26: Impresora | K26: Blanco y negro | L26: Palacio Municipal | M26: Control de Bienes | O26: Josefa Guerrero | P26: 1er | Q26: Descargada | R26: Desacargada | S26: ADN | T26: estan descargadas a control de bienes
C27: 20 | D27: ADN1411048 | E27: IMPRESORA DESK JET,MOD D1560,MARCA HP | F27: HP | G27: D1560 | I27: Impresora | K27: Blanco y negro | L27: Palacio Municipal | M27: Control de Bienes | O27: Josefa Guerrero | P27: 1er | Q27: Descargada | R27: Desacargada | S27: ADN | T27: estan descargadas a control de bienes
C28: 21 | D28: ADN1411061 | E28: IMPRESORA,MARCA HP,MOD P1005,COLOR CREMA | F28: HP | G28: P1005 | I28: Impresora | K28: Blanco y negro | L28: Externo | M28: Cementerio Cristo Rey | O28: JOSE POLANCO | Q28: Por Verificar | S28: ADN | T28: No encontrada
C29: 22 | D29: ADN141161028 | E29: IMPRESORA LASER, HP, MODELO 1320, CREMA | F29: HP | G29: 1320 | I29: Impresora | K29: Blanco y negro | L29: Palacio Municipal | M29: Control de Bienes | O29: Josefa Guerrero | P29: 1er | Q29: Descargada | R29: Desacargada | S29: ADN | T29: estan descargadas a control de bienes
C30: 23 | D30: ADN141161351 | E30: IMPRESORA LASER, HP, MODELO 1015, GRIS | F30: HP | G30: 1015 | I30: Impresora | K30: Blanco y negro | L30: Palacio Municipal | M30: Control de Bienes | O30: Josefa Guerrero | P30: 1er | Q30: Descargada | R30: Desacargada | S30: ADN | T30: estan descargadas a control de bienes
C31: 24 | D31: ADN141161365 | E31: IMPRESORA MATRICIAL EPSON COLOR GRIS | F31: EPSON | G31: FX890 | H31: USB | I31: Impresora | J31: Matricial | K31: Blanco y negro | L31: Palacio Municipal | M31: Dirección de Tesorería | O31: Jose antonio Henrique Risk | P31: 1er | Q31: en uso | S31: ADN | T31: ok
C32: 25 | D32: ADN141161458 | E32: IMPRESORA LASER, HP, MODELO 1015, COLOR GRIS | F32: HP | G32: 1015 | I32: Impresora | K32: Blanco y negro | L32: Palacio Municipal | M32: Control de Bienes | O32: Josefa Guerrero | P32: 1er | Q32: Descargada | R32: Desacargada | S32: ADN | T32: estan descargadas a control de bienes
C33: 26 | D33: ADN141161505 | E33: IMPRESORA LASER, MARCA LEXMARK, GRIS | F33: LEXMARK | G33: NO DEFINIDO | I33: Impresora | K33: Blanco y negro | L33: Palacio Municipal | M33: Control de Bienes | O33: Josefa Guerrero | P33: 1er | Q33: Descargada | R33: Desacargada | S33: ADN | T33: estan descargadas a control de bienes
C34: 27 | D34: ADN141161517 | E34: IMPRESORA HP, MOD. 1660, NEGRO | F34: HP | G34: 1660 | I34: Impresora | K34: Blanco y negro | L34: Palacio Municipal | M34: Control de Bienes | O34: Josefa Guerrero | P34: 1er | Q34: Descargada | R34: Desacargada | S34: ADN | T34: estan descargadas a control de bienes
C35: 28 | D35: ADN141161591 | E35: IMPRESORA LASER, LEXMARK, MODELO E230, NEGRO | F35: LEXMARK | G35: E230 | I35: Impresora | K35: Blanco y negro | L35: Palacio Municipal | M35: Control de Bienes | O35: Josefa Guerrero | P35: 1er | Q35: Descargada | R35: Desacargada | S35: ADN | T35: estan descargadas a control de bienes
C36: 29 | D36: ADN141161603 | E36: IMPRESORA LASER, LEXMARK, MODELO E340, NEGRO | F36: LEXMARK | G36: E-340 | I36: Impresora | K36: Blanco y negro | L36: Palacio Municipal | M36: Control de Bienes | O36: Josefa Guerrero | P36: 1er | Q36: Descargada | R36: Desacargada | S36: ADN | T36: estan descargadas a control de bienes
C37: 30 | D37: ADN1411616215 | E37: IMPRESORA HP MOD.M277DW COL.BLANCO | F37: HP | G37: M277DW | H37: RED | I37: Impresora | J37: Laser | K37: Blanco y negro | L37: Palacio Municipal | M37: Dirección de Servicio Social | O37: DIGNA REYNOSO | P37: 1er | Q37: en uso | S37: ADN | T37: ok
C38: 31 | D38: ADN1411616242 | E38: IMPRESORA HP LASERJET P1102W COL.NEGRO | F38: HP | G38: LASERJET P1102W | I38: Impresora | K38: Blanco y negro | L38: Externo | M38: Dirección de Defensoría y Uso de Espacios Públicos | O38: ADRIAN RAFAEL JIMENEZ GARRIDO | Q38: Por Verificar | S38: ADN | T38: No encontrada
C39: 32 | D39: ADN141161680 | E39: IMPRESORA LASER, HP, MODELO 1100, CREMA | F39: HP | G39: 1100 | I39: Impresora | K39: Blanco y negro | L39: Palacio Municipal | M39: Control de Bienes | O39: Josefa Guerrero | P39: 1er | Q39: Descargada | R39: Desacargada | S39: ADN | T39: estan descargadas a control de bienes
C40: 33 | D40: ADN141161791 | E40: IMPRESORA LASER, HP, MODELO 1020, COLOR GRIS | F40: HP | G40: 1020 | I40: Impresora | K40: Blanco y negro | L40: Palacio Municipal | M40: Dirección Jurídica | O40: RICARDO AYANES PEREZ NUÑEZ | Q40: Perdida | S40: ADN | T40: no encontrada
C41: 34 | D41: ADN1411617985 | E41: IMPRESORA LASER JET PRO MFP M 227 BLANCO | F41: HP | G41: M227FDW | I41: Impresora | K41: Blanco y negro | L41: Palacio Municipal | M41: Dirección de Servicio Social | O41: DIGNA REYNOSO | Q41: Perdida | S41: ADN | T41: no encontrada
C42: 35 | D42: ADN1411617986 | E42: IMPRESORA LASER JET PRO M227 BLANCO | F42: HP | G42: M227FDW | I42: Impresora | K42: Blanco y negro | L42: Palacio Municipal | M42: Dirección de Servicio Social | O42: DIGNA REYNOSO | Q42: Perdida | S42: ADN | T42: no encontrada
C43: 36 | D43: ADN1411617987 | E43: IMPRESORA LASER JET PRO M227 BLANCO | F43: HP | G43: M227FDW | I43: Impresora | K43: Blanco y negro | L43: Palacio Municipal | M43: Dirección de Servicio Social | O43: DIGNA REYNOSO | Q43: Perdida | S43: ADN | T43: no encontrada
C44: 37 | D44: ADN1411617989 | E44: IMPRESORA LASER JET PRO M227 BLANCO | F44: HP | G44: M227FDW | I44: Impresora | K44: Blanco y negro | L44: Palacio Municipal | M44: Dirección de Servicio Social | O44: DIGNA REYNOSO | Q44: Perdida | S44: ADN | T44: no encontrada
C45: 38 | D45: ADN1411618066 | E45: IMPRESORA HP. ACOLOR LARJET M180W BLANC. | F45: HP | G45: 180NW | I45: Impresora | K45: Blanco y negro | L45: Palacio Municipal | M45: Aseo urbano y equipos | O45: Gaspar Polanco | P45: 1er | Q45: Perdida | S45: ADN | T45: no encontrada
C46: 39 | D46: ADN1411618068 | E46: IMPRESORA HP LASERJET BLANA A COLOR 180NW | F46: HP | G46: LASERJET 180NW | I46: Impresora | K46: Blanco y negro | L46: Palacio Municipal | M46: Aseo urbano y equipos | O46: Gaspar Polanco | P46: 1er | Q46: Perdida | S46: ADN | T46: no encontrada
C47: 40 | D47: ADN1411618072 | E47: IMPRESORA LASER JET MFP227FDW BLANCA | F47: HP | G47: M227FDW | I47: Impresora | K47: Blanco y negro | L47: Palacio Municipal | M47: Dirección de Recaudación | O47: YOLANDA BERTILIA DE LA ROSA FERNANDEZ | Q47: Perdida | S47: ADN | T47: no encontrada
C48: 41 | D48: ADN1411618074 | E48: IMPRESORA HP LASER JET BLANCA | F48: HP | G48: NO DEFINIDO | I48: Impresora | K48: Blanco y negro | L48: Palacio Municipal | M48: Dirección de Mantenimiento y Obras Comunitarias | O48: Johan Alexander Santiago Suazo | Q48: Perdida | S48: ADN | T48: no encontrada
C49: 42 | D49: ADN141161836 | E49: IMPRESORA, HP, MODELO 1020, CREMA | F49: HP | G49: 1020 | I49: Impresora | K49: Blanco y negro | L49: Palacio Municipal | M49: Dirección Jurídica | O49: RICARDO AYANES PEREZ NUÑEZ | Q49: Perdida | S49: ADN | T49: no encontrada
C50: 43 | D50: ADN141161896 | E50: IMPRESORA LASER, HP, MODELO 1020, CREMA | F50: HP | G50: 1020 | I50: Impresora | K50: Blanco y negro | L50: Palacio Municipal | M50: Control de Bienes | O50: Josefa Guerrero | P50: 1er | Q50: Descargada | R50: Desacargada | S50: ADN | T50: estan descargadas a control de bienes
C51: 44 | D51: ADN141162031 | E51: IMPRESORA LASER, LEXMARK, MODELO E340, COLOR NEGRO | F51: LEXMARK | G51: E-340 | I51: Impresora | K51: Blanco y negro | L51: Palacio Municipal | M51: Control de Bienes | O51: Josefa Guerrero | P51: 1er | Q51: Descargada | R51: Desacargada | S51: ADN | T51: estan descargadas a control de bienes
C52: 45 | D52: ADN141162060 | E52: IMPRESORA LASER, LEXMARK, NEGRO, MODELO E340 | F52: LEXMARK | G52: E-340 | I52: Impresora | K52: Blanco y negro | L52: Palacio Municipal | M52: Control de Bienes | O52: Josefa Guerrero | P52: 1er | Q52: Descargada | R52: Desacargada | S52: ADN | T52: estan descargadas a control de bienes
C53: 46 | D53: ADN141162061 | E53: IMPRESORA LASER, HP, MOD. 1020, COLOR CREMA | F53: HP | G53: 1020 | I53: Impresora | K53: Blanco y negro | L53: Palacio Municipal | M53: Control de Bienes | O53: Josefa Guerrero | P53: 1er | Q53: Descargada | R53: Desacargada | S53: ADN | T53: estan descargadas a control de bienes
C54: 47 | D54: ADN141162090 | E54: IMPRESORA LASER, LEXMARK, NEGRO, MODELO E340 | F54: LEXMARK | G54: E-340 | I54: Impresora | K54: Blanco y negro | L54: Palacio Municipal | M54: Control de Bienes | O54: Josefa Guerrero | P54: 1er | Q54: Descargada | R54: Desacargada | S54: ADN | T54: estan descargadas a control de bienes
C55: 48 | D55: ADN141162153 | E55: IMPRESORA, MARCA HP, MODELO 1020, COLOR CREMA | F55: HP | G55: 1020 | I55: Impresora | K55: Blanco y negro | L55: Palacio Municipal | M55: Control de Bienes | O55: Josefa Guerrero | P55: 1er | Q55: Descargada | R55: Desacargada | S55: ADN | T55: estan descargadas a control de bienes
C56: 49 | D56: ADN141162227 | E56: IMPRESORA LASER, HP MOD. 5610, OFICCE JET ALL-IN-ONE CREMA | F56: HP | G56: 5610 | I56: Impresora | K56: Blanco y negro | L56: Palacio Municipal | M56: Control de Bienes | O56: Josefa Guerrero | P56: 1er | Q56: Descargada | R56: Desacargada | S56: ADN | T56: estan descargadas a control de bienes
C57: 50 | D57: ADN141162299 | E57: IMPRESORA LASER, HP, MODELO 9800, COLOR NEGRO | F57: HP | G57: 9800 | I57: Impresora | K57: Blanco y negro | L57: Palacio Municipal | M57: Control de Bienes | O57: Josefa Guerrero | P57: 1er | Q57: Descargada | R57: Desacargada | S57: ADN | T57: estan descargadas a control de bienes
C58: 51 | D58: ADN141162396 | E58: IMPRESORA LASER, HP, MODELO PRO400M401N, COLOR CREMA | F58: HP | G58: PRO400M | I58: Impresora | K58: Blanco y negro | L58: Palacio Municipal | M58: Control de Bienes | O58: Josefa Guerrero | P58: 1er | Q58: Descargada | R58: Desacargada | S58: ADN | T58: estan descargadas a control de bienes
C59: 52 | D59: ADN141162756 | E59: IMPRESORA LASER, HP 6940, COLOR GRIS | F59: HP | G59: 6940 | I59: Impresora | K59: Blanco y negro | L59: Palacio Municipal | M59: Dirección de Planificación y Desarrollo Institucional | O59: MERLY MARGARITA GRACIANO CABRAL | Q59: Perdida | S59: ADN | T59: no encontrada
C60: 53 | D60: ADN141162774 | E60: IMPRESORA LASER, HP, MODELO 1020, CREMA | F60: HP | G60: 1020 | H60: USB | I60: Impresora | J60: Laser | K60: Blanco y negro | L60: Externo | M60: Dirección de Patrimonio Cultural y Centro Histórico | Q60: en uso | S60: ADN | T60: ok
C61: 54 | D61: ADN141162800 | E61: IMPRESORA LASER, LEXMARK, NEGRO, MODELO E240 | F61: LEXMARK | G61: E240 | I61: Impresora | K61: Blanco y negro | L61: Palacio Municipal | M61: Control de Bienes | O61: Josefa Guerrero | P61: 1er | Q61: Descargada | R61: Desacargada | S61: ADN | T61: estan descargadas a control de bienes
C62: 55 | D62: ADN141162920 | E62: IMPRESORA LASER, HP, MODELO 1160, COLOR CREMA | F62: HP | G62: 1160 | I62: Impresora | K62: Blanco y negro | L62: Palacio Municipal | M62: Control de Bienes | O62: Josefa Guerrero | P62: 1er | Q62: Descargada | R62: Desacargada | S62: ADN | T62: estan descargadas a control de bienes
C63: 56 | D63: ADN141163148 | E63: IMPRESORA LASER,HP, MODELO 1160, COLOR CREMA | F63: HP | G63: 1160 | I63: Impresora | K63: Blanco y negro | L63: Palacio Municipal | M63: Control de Bienes | O63: Josefa Guerrero | P63: 1er | Q63: Descargada | R63: Desacargada | S63: ADN | T63: estan descargadas a control de bienes
C64: 57 | D64: ADN141163172 | E64: IMPRESORA LASER, HP, MODELO 1150, CREMA | F64: HP | G64: 1150 | I64: Impresora | K64: Blanco y negro | L64: Palacio Municipal | M64: Control de Bienes | O64: Josefa Guerrero | P64: 1er | Q64: Descargada | R64: Desacargada | S64: ADN | T64: estan descargadas a control de bienes
C65: 58 | D65: ADN141163232 | E65: IMPRESORA LASER, HP, MODELO 2420, COLOR CREMA | F65: HP | G65: 2420 | I65: Impresora | K65: Blanco y negro | L65: Palacio Municipal | M65: Control de Bienes | O65: Josefa Guerrero | P65: 1er | Q65: Descargada | R65: Desacargada | S65: ADN | T65: estan descargadas a control de bienes
C66: 59 | D66: ADN141163244 | E66: IMPRESORA LASER, HP, MODELO 4050, CREMA | F66: HP | G66: 4050 | I66: Impresora | K66: Blanco y negro | L66: Palacio Municipal | M66: Control de Bienes | O66: Josefa Guerrero | P66: 1er | Q66: Descargada | R66: Desacargada | S66: ADN | T66: estan descargadas a control de bienes
C67: 60 | D67: ADN14116362 | E67: IMPRESORA LASER, MODELO 1160, COLOR CREMA | F67: HP | G67: 1160 | I67: Impresora | K67: Blanco y negro | L67: Palacio Municipal | M67: Control de Bienes | O67: Josefa Guerrero | P67: 1er | Q67: Descargada | R67: Desacargada | S67: ADN | T67: estan descargadas a control de bienes
C68: 61 | D68: ADN141163785 | E68: IMPRESORA LASER, MARCA HP, MODELO 2015P, GRIS | F68: HP | G68: P2015 | I68: Impresora | K68: Blanco y negro | L68: Palacio Municipal | M68: Control de Bienes | O68: Josefa Guerrero | P68: 1er | Q68: Descargada | R68: Desacargada | S68: ADN | T68: estan descargadas a control de bienes
C69: 62 | D69: ADN141163996 | E69: IMPRESORA LASER, MARCA HP, MODELO 1020, COLOR CREMA | F69: HP | G69: 1020 | H69: USB | I69: Impresora | J69: Laser | K69: Blanco y negro | L69: Palacio Municipal | M69: Aseo urbano y equipos | O69: Lissette rosa | P69: 1er | Q69: en uso | S69: ADN | T69: ok
C70: 63 | D70: ADN141164054 | E70: IMPRESORA MULTIFUNCIONAL HP, DESTJET 1515 AIO.BLANCA | F70: HP | G70: 1515 AIO | I70: Impresora | K70: a color | L70: Palacio Municipal | M70: Dirección de Desarrollo Comunitario | O70: Claudia Sarante | Q70: Perdida | S70: ADN | T70: no encontrada
C71: 64 | D71: ADN141164447 | E71: IMPRESORA LASER JET, HP, MODELO 1020, COLOR CREMA | F71: HP | G71: 1020 | I71: Impresora | K71: Blanco y negro | L71: Palacio Municipal | M71: Control de Bienes | O71: Josefa Guerrero | P71: 1er | Q71: Descargada | R71: Desacargada | S71: ADN | T71: estan descargadas a control de bienes
C72: 65 | D72: ADN141164718 | E72: IMPRESORA LASER, HP, MOD. 1160, COLOR CREMA | F72: HP | G72: 1160 | I72: Impresora | K72: Blanco y negro | L72: Palacio Municipal | M72: Dirección de Desarrollo Comunitario | O72: Claudia Sarante | Q72: Perdida | S72: ADN | T72: no encontrada
C73: 66 | D73: ADN141164814 | E73: IMPRESORA LASER JET, MARCA HP, MODELO 1160, CREMA | F73: HP | G73: 1160 | I73: Impresora | K73: Blanco y negro | L73: Palacio Municipal | M73: Control de Bienes | O73: Josefa Guerrero | P73: 1er | Q73: Descargada | R73: Desacargada | S73: ADN | T73: estan descargadas a control de bienes
C74: 67 | D74: ADN141164823 | E74: IMPRESORA LASER, HP, MOD. 1300, CREMA | F74: HP | G74: 1300 | I74: Impresora | K74: Blanco y negro | L74: Palacio Municipal | M74: Control de Bienes | O74: Josefa Guerrero | P74: 1er | Q74: Descargada | R74: Desacargada | S74: ADN | T74: estan descargadas a control de bienes
C75: 68 | D75: ADN141165414 | E75: IMPRESORA LASER, HP 1020, COLOR GRIS, MODELO ITE-5320 | F75: HP | G75: 1020 | I75: Impresora | K75: Blanco y negro | L75: Palacio Municipal | M75: Control de Bienes | O75: Josefa Guerrero | P75: 1er | Q75: Descargada | R75: Desacargada | S75: ADN | T75: estan descargadas a control de bienes
C76: 69 | D76: ADN141165420 | E76: IMPRESORA LASER, LEXMARK, MODELO E340, COLOR NEGRO | F76: LEXMARK | G76: E-340 | I76: Impresora | K76: Blanco y negro | L76: Externo | M76: Funeraria de los Girasoles | O76: HARON FABIAN MERCEDES | Q76: Por Verificar | S76: ADN | T76: No encontrada
C77: 70 | D77: ADN141165545 | E77: IMPRESORA LASER JET, MARCA HP, MODELO 1020, COLOR BLANCO/NEGRO | F77: HP | G77: 1020 | I77: Impresora | K77: Blanco y negro | L77: Externo | M77: Funeraria de Cristo Rey | O77: JOSE DOMINGO TORRES DURAN | Q77: Por Verificar | S77: ADN | T77: No encontrada
C78: 71 | D78: ADN141165647 | E78: IMPRESORA LASER, MARCA LEXMARK, MODELO E-340, COLOR NEGRO | F78: LEXMARK | G78: E-340 | I78: Impresora | K78: Blanco y negro | L78: Palacio Municipal | M78: Control de Bienes | O78: Josefa Guerrero | P78: 1er | Q78: Descargada | R78: Desacargada | S78: ADN | T78: estan descargadas a control de bienes
C79: 72 | D79: ADN141165699 | E79: IMPRESORA LASER, LEXMARK, MOD. E340, NEGRO | F79: LEXMARK | G79: E-340 | I79: Impresora | K79: Blanco y negro | L79: Palacio Municipal | M79: Control de Bienes | O79: Josefa Guerrero | P79: 1er | Q79: Descargada | R79: Desacargada | S79: ADN | T79: estan descargadas a control de bienes
C80: 73 | D80: ADN141165869 | E80: IMPRESORA LASER, LEXMARK, MOD. E340, NEGRO | F80: LEXMARK | G80: E-340 | I80: Impresora | K80: Blanco y negro | L80: Palacio Municipal | M80: Control de Bienes | O80: Josefa Guerrero | P80: 1er | Q80: Descargada | R80: Desacargada | S80: ADN | T80: estan descargadas a control de bienes
C81: 74 | D81: ADN141165890 | E81: IMPRESORA MULTIFUNCIONAL HP, DESTJET 1515 AIO.BLANCA | F81: HP | G81: 1515 AIO | I81: Impresora | K81: a color | L81: Palacio Municipal | M81: Control de Bienes | O81: Josefa Guerrero | P81: 1er | Q81: Descargada | R81: Desacargada | S81: ADN | T81: estan descargadas a control de bienes
C82: 75 | D82: ADN141165911 | E82: IMPRESORA LASER, HP, MODELO 1020, GRIS | F82: HP | G82: 1020 | I82: Impresora | K82: Blanco y negro | L82: Palacio Municipal | M82: Control de Bienes | O82: Josefa Guerrero | P82: 1er | Q82: Descargada | R82: Desacargada | S82: ADN | T82: estan descargadas a control de bienes
C83: 76 | D83: ADN141166001 | E83: IMPRESORA LASER, HP, MODELO 1020, GRIS | F83: HP | G83: 1020 | I83: Impresora | K83: Blanco y negro | L83: Palacio Municipal | M83: Control de Bienes | O83: Josefa Guerrero | P83: 1er | Q83: Descargada | R83: Desacargada | S83: ADN | T83: estan descargadas a control de bienes
C84: 77 | D84: ADN141166042 | E84: IMPRESORA LASER, HP, MODELO 1020, CREMA | F84: HP | G84: 1020 | I84: Impresora | K84: Blanco y negro | L84: Palacio Municipal | M84: Control de Bienes | O84: Josefa Guerrero | P84: 1er | Q84: Descargada | R84: Desacargada | S84: ADN | T84: estan descargadas a control de bienes
C85: 78 | D85: ADN141166105 | E85: IMPRESORA LASER,HP, MOD 1020, COLOR GRIS | F85: HP | G85: 1020 | I85: Impresora | K85: Blanco y negro | L85: Palacio Municipal | M85: Control de Bienes | O85: Josefa Guerrero | P85: 1er | Q85: Descargada | R85: Desacargada | S85: ADN | T85: estan descargadas a control de bienes
C86: 79 | D86: ADN141166164 | E86: IMPRESORA LASER , HP, MOD 359257A, COLOR CREMA | F86: HP | G86: 359257A | I86: Impresora | K86: Blanco y negro | L86: Palacio Municipal | M86: Control de Bienes | O86: Josefa Guerrero | P86: 1er | Q86: Descargada | R86: Desacargada | S86: ADN | T86: estan descargadas a control de bienes
C87: 80 | D87: ADN141166395 | E87: IMPRESORA, LASER, LEXMARK, MOD. E-120, CREMA | F87: LEXMARK | G87: E-120 | I87: Impresora | K87: Blanco y negro | L87: Palacio Municipal | M87: Control de Bienes | O87: Josefa Guerrero | P87: 1er | Q87: Descargada | R87: Desacargada | S87: ADN | T87: estan descargadas a control de bienes
C88: 81 | D88: ADN141166708 | E88: IMPRESORA LASER, LEXMARK, MOD. E120, NEGRA | F88: LEXMARK | G88: E-120 | I88: Impresora | K88: Blanco y negro | L88: Palacio Municipal | M88: Control de Bienes | O88: Josefa Guerrero | P88: 1er | Q88: Descargada | R88: Desacargada | S88: ADN | T88: estan descargadas a control de bienes
C89: 82 | D89: ADN141167228 | E89: IMPRESORA, LASER JET, HP, MOD. 1320TN, CREMA | F89: HP | G89: 1320 | I89: Impresora | K89: Blanco y negro | L89: Palacio Municipal | M89: Control de Bienes | O89: Josefa Guerrero | P89: 1er | Q89: Descargada | R89: Desacargada | S89: ADN | T89: estan descargadas a control de bienes
C90: 83 | D90: ADN141167525 | E90: IMPRESORA LASER, MARCA HP, MOD. 1015,CREMA Y GRIS | F90: HP | G90: 1015 | I90: Impresora | K90: Blanco y negro | L90: Palacio Municipal | M90: Control de Bienes | O90: Josefa Guerrero | P90: 1er | Q90: Descargada | R90: Desacargada | S90: ADN | T90: estan descargadas a control de bienes
C91: 84 | D91: ADN141167731 | E91: IMPRESORA MULTIFUNCIONAL HP, DESTJET 1515 AIO.BLANCA | F91: HP | G91: 1515 AIO | I91: Impresora | K91: a color | L91: Palacio Municipal | M91: Control de Bienes | O91: Josefa Guerrero | P91: 1er | Q91: Descargada | R91: Desacargada | S91: ADN | T91: estan descargadas a control de bienes
C92: 85 | D92: ADN141167749 | E92: IMPRESORA LASER, MOD. 1160, COLOR CREMA | F92: HP | G92: 1160 | I92: Impresora | K92: Blanco y negro | L92: Palacio Municipal | M92: Control de Bienes | O92: Josefa Guerrero | P92: 1er | Q92: Descargada | R92: Desacargada | S92: ADN | T92: estan descargadas a control de bienes
C93: 86 | D93: ADN141167804 | E93: IMPRESORA LASER JET, HP, MOD. P1505, CREMA | F93: HP | G93: P1505 | H93: USB | I93: Impresora | J93: Laser | K93: Blanco y negro | L93: Palacio Municipal | M93: Dirección de Tesorería | O93: Jose antonio Henrique Risk | P93: 1er | Q93: en uso | S93: ADN | T93: ok
C94: 87 | D94: ADN141167848 | E94: IMPRESORA LASER, HP, MOD. P1005, COLOR GRIS | F94: HP | G94: P1005 | I94: Impresora | K94: Blanco y negro | L94: Palacio Municipal | M94: Control de Bienes | O94: Josefa Guerrero | P94: 1er | Q94: Descargada | R94: Desacargada | S94: ADN | T94: estan descargadas a control de bienes
C95: 88 | D95: ADN141167862 | E95: IMPRESORA LASER, MARCA HP, MOD. 1160, CREMA | F95: HP | G95: 1160 | I95: Impresora | K95: Blanco y negro | L95: Palacio Municipal | M95: Control de Bienes | O95: Josefa Guerrero | P95: 1er | Q95: Descargada | R95: Desacargada | S95: ADN | T95: estan descargadas a control de bienes
C96: 89 | D96: ADN141167965 | E96: IMPRESORA LASER, MARCA HP, MOD.1020, GRIS | F96: HP | G96: 1020 | I96: Impresora | K96: Blanco y negro | L96: Palacio Municipal | M96: Control de Bienes | O96: Josefa Guerrero | P96: 1er | Q96: Descargada | R96: Desacargada | S96: ADN | T96: estan descargadas a control de bienes
C97: 90 | D97: ADN141167966 | E97: IMPRESORA LASER, LEXMARK, MOD. E-120, CREMA | F97: LEXMARK | G97: E-120 | I97: Impresora | K97: Blanco y negro | L97: Palacio Municipal | M97: Control de Bienes | O97: Josefa Guerrero | P97: 1er | Q97: Descargada | R97: Desacargada | S97: ADN | T97: estan descargadas a control de bienes
C98: 91 | D98: ADN141167973 | E98: IMPRESORA LASER, MARCA HP, MOD. P1005, GRIS | F98: HP | G98: P1005 | I98: Impresora | K98: Blanco y negro | L98: Palacio Municipal | M98: Control de Bienes | O98: Josefa Guerrero | P98: 1er | Q98: Descargada | R98: Desacargada | S98: ADN | T98: estan descargadas a control de bienes
C99: 92 | D99: ADN141167977 | E99: IMPRESORA LASER, MARCA HP, MOD. P1005, GRIS | F99: HP | G99: P1005 | I99: Impresora | K99: Blanco y negro | L99: Palacio Municipal | M99: Dirección de Recaudación | O99: YOLANDA BERTILIA DE LA ROSA FERNANDEZ | Q99: Perdida | S99: ADN | T99: no encontrada
C100: 93 | D100: ADN141167982 | E100: IMPRESORA LASER, MARCA LEXMARK, E120, NEGRO | F100: LEXMARK | G100: E-120 | I100: Impresora | K100: Blanco y negro | L100: Palacio Municipal | M100: Control de Bienes | O100: Josefa Guerrero | P100: 1er | Q100: Descargada | R100: Desacargada | S100: ADN | T100: estan descargadas a control de bienes
C101: 94 | D101: ADN141168066 | E101: IMPRESORA LASER, LEXMARK, E120, COLOR GRIS | F101: LEXMARK | G101: E-120 | I101: Impresora | K101: Blanco y negro | L101: Palacio Municipal | M101: Control de Bienes | O101: Josefa Guerrero | P101: 1er | Q101: Descargada | R101: Desacargada | S101: ADN | T101: estan descargadas a control de bienes
C102: 95 | D102: ADN141168069 | E102: IMPRESORA LASER, MARCA HP, MOD. P2015, CREMA | F102: HP | G102: P2015 | H102: USB | I102: Impresora | J102: Laser | K102: Blanco y negro | L102: Externo | M102: Dirección de Patrimonio Cultural y Centro Histórico | Q102: en uso | S102: ADN | T102: ok
...
